 Dungeon Crawl Stone Soup version 0.26-a0-259-g1effd001a9 (webtiles) character file.

Game seed: 1801088251828118730

267960 drasked the Slayer (level 20, -6/204 HPs)
             Began as a Hill Orc Monk on July 26, 2020.
             Was the Champion of Beogh.
             Mangled by a deep elf blademaster
             ... wielding the cursed +1 rapier "Deiwonas" {vorpal, *Slow rElec Str+3}
              (20 damage)
             ... on level 2 of the Elven Halls.
             The game lasted 02:34:59 (46688 turns).

drasked the Slayer (Hill Orc Monk)                 Turns: 46688, Time: 02:35:00

Health: -6/204     AC: 27    Str: 26    XL:     20   Next: 14%
Magic:  20/20      EV: 17    Int: 10    God:    Beogh [******]
Gold:   430        SH: 10    Dex: 20    Spells: 19/19 levels left

rFire    + . .     SeeInvis .   m - +8 mithril axe "Arga" {speed, MR+}
rCold    + + .     Faith    .   R - +2 buckler {AC+3} {AC+3}
rNeg     + + .     Spirit   .   v - +3 swamp dragon scales
rPois    +         Reflect  .   b - +0 helmet
rElec    +         Harm     .   H - scarf {rC+ rF+}
rCorr    .         Clarity  +   z - +2 pair of gloves {Str+3} {Str+3}
MR       +++++                  o - +0 pair of boots
Stlth    +.........             x - amulet of the Four Winds {rN+ MR+++ Clar}
HPRegen  0.44/turn              U - ring "Ecemy" {rElec MR+ EV+4 Dex+3 Stlth-}
MPRegen  0.17/turn              r - ring "Nueneumib" {rC+ rN+ Dex+4}

@: mighty, hasted, very quick
A: walk on water
}: 2/15 runes: decaying, gossamer
a: Smiting, Recall Orcish Followers, Give Item to Named Follower, Resurrection,
Renounce Religion


You were on level 2 of the Elven Halls.
You worshipped Beogh.
Beogh was exalted by your worship.
You were not hungry.

You visited 6 branches of the dungeon, and saw 33 of its levels.
You visited 1 bazaar.
You also visited: Sewer.

You collected 3396 gold pieces.
You spent 2966 gold pieces at shops.

Inventory:

Hand Weapons
 k - a +2 broad axe of flaming
   (You took it off Maggie on level 7 of the Dungeon)
 m - the +8 mithril axe "Arga" (weapon) {speed, MR+}
   (You found it on level 1 of the Lair of Beasts)

   Attacks with this weapon are significantly faster.
   It affects your resistance to hostile enchantments.
 L - the +8 broad axe "Vorchino" {drain, rN+ MR+}
   (You found it on level 3 of the Lair of Beasts)

   A truly terrible weapon, it drains the life of those it strikes.
   It protects you from negative energy.
   It affects your resistance to hostile enchantments.
Armour
 b - a +0 helmet (worn)
   (You found it on level 4 of the Dungeon)
 o - a +0 pair of boots (worn)
   (You found it on level 14 of the Dungeon)
 u - a scarf of repulsion
   (You found it on level 2 of the Lair of Beasts)
 v - +3 swamp dragon scales (worn)
   (You took it off Maggie on level 7 of the Dungeon)
 z - a +2 pair of gloves of strength (worn) {Str+3}
   (You bought it in a shop on level 9 of the Dungeon)
 H - a scarf of resistance (worn)
   (You bought it in a shop on level 2 of the Orcish Mines)
 R - a +2 buckler of protection (worn) {AC+3}
   (You took it off a spriggan on level 6 of the Lair of Beasts)
Jewellery
 r - the ring "Nueneumib" (right hand) {rC+ rN+ Dex+4}
   (You found it on level 2 of the Lair of Beasts)

   [ring of protection from cold]

   It affects your dexterity (+4).
   It protects you from cold.
   It protects you from negative energy.
 x - the amulet of the Four Winds (around neck) {rN+ MR+++ Clar}
   (You bought it in a shop on level 2 of the Orcish Mines)

   [amulet of nothing]

   It protects you from negative energy.
   It affects your resistance to hostile enchantments.
   It protects you against confusion.
 B - an uncursed ring of protection from fire {rF+, !d}
   (You found it on level 9 of the Dungeon)
 S - an uncursed ring of see invisible {sInv, !d}
   (You found it on level 1 of the Spider Nest)
 U - the ring "Ecemy" (left hand) {rElec MR+ EV+4 Dex+3 Stlth-}
   (You bought it in a shop on level 15 of the Dungeon)

   [ring of evasion]

   It affects your evasion (+4).
   It affects your dexterity (+3).
   It insulates you from electricity.
   It affects your resistance to hostile enchantments.
   It makes you less stealthy.
 Z - a +4 ring of protection
   (You found it on level 1 of the Elven Halls)
Wands
 p - a wand of acid (22)
   (You found it on level 5 of the Dungeon)
 D - a wand of digging (6)
   (You took it off Maggie on level 7 of the Dungeon)
 F - a wand of clouds (9)
   (You found it on level 1 of the Spider Nest)
Scrolls
 f - 5 scrolls of fog
 g - a scroll of fear
 i - 12 scrolls of identify
 l - 3 scrolls of brand weapon
 t - 11 scrolls of teleportation
 w - 14 scrolls of remove curse
 y - 7 scrolls of amnesia
 J - 2 scrolls of vulnerability {!r!r!r!r}
 M - 4 scrolls of enchant armour
 N - a scroll of holy word {!r!r}
 O - 3 scrolls of enchant weapon
 P - 4 scrolls of magic mapping {!r!r}
 X - a scroll of immolation {!r!r}
Potions
 a - 8 potions of ambrosia
 d - a potion of might
 h - a potion of haste
 j - 3 potions of invisibility
 n - a potion of resistance
 q - 2 potions of curing
 s - 2 potions of lignification {!q!q}
 A - 4 potions of flight
 C - a potion of brilliance
 E - 2 potions of stabbing
 T - a potion of magic
 V - 2 potions of berserk rage {!q!q}
 W - 4 potions of cancellation
Miscellaneous
 c - a phial of floods
   (You found it on level 4 of the Lair of Beasts)
 K - 2 boxes of beasts
Comestibles
 e - 78 rations


   Skills:
 + Level 23.2 Fighting
 - Level 18.0 Axes
 + Level 21.5 Armour
 - Level 2.4 Dodging
 - Level 1.5 Stealth
 + Level 14.1 Shields


You had 19 spell levels left.
You didn't know any spells.
Your spell library contained the following spells:

 Spells                   Type           Power        Failure   Level
 Corona                   Hex            #......      43%         1
 Magic Dart               Conj           #...         43%         1
 Sandblast                Erth           #.....       43%         1
 Shock                    Conj/Air       #...         43%         1
 Sting                    Tmut/Pois      #...         43%         1
 Summon Small Mammal      Summ           #...         43%         1
 Blink                    Tloc           N/A          56%         2
 Call Imp                 Summ           #.......     56%         2
 Ensorcelled Hibernation  Hex/Ice        #.....       56%         2
 Passwall                 Tmut/Erth      #.......     56%         2
 Poisonous Vapours        Pois/Air       #.....       56%         2
 Slow                     Hex            #.......     56%         2
 Swiftness                Chrm/Air       #.......     56%         2
 Call Canine Familiar     Summ           #.......     80%         3
 Confusing Touch          Hex            #.......     80%         3
 Conjure Flame            Conj/Fire      #.......     80%         3
 Dazzling Flash           Conj/Hex       #.....       80%         3
 Gell's Gravitas          Tloc           #.........   80%         3
 Ignite Poison            Fire/Tmut/Pois #.......     80%         3
 Mephitic Cloud           Conj/Pois/Air  #.......     80%         3
 Recall                   Summ/Tloc      N/A          80%         3
 Static Discharge         Conj/Air       #.......     80%         3
 Stone Arrow              Conj/Erth      #.....       80%         3
 Summon Guardian Golem    Hex/Summ       #.......     80%         3
 Tukima's Dance           Hex            #.......     80%         3
 Airstrike                Air            #.........   99%         4
 Olgreb's Toxic Radiance  Pois           #.......     99%         4
 Petrify                  Tmut/Erth      #.......     99%         4
 Summon Ice Beast         Ice/Summ       #.......     99%         4
 Summon Lightning Spire   Summ/Air       #.......     99%         4
 Aura of Abjuration       Summ           #.........   100%        5
 Lee's Rapid Deconstruct  Erth           #.........   100%        5
 Lightning Bolt           Conj/Air       #.........   100%        5
 Metabolic Englaciation   Hex/Ice        #.........   100%        5
 Summon Demon             Summ           #.........   100%        5
 Summon Forest            Summ/Tloc      #.........   100%        5
 Summon Mana Viper        Hex/Summ       #.......     100%        5
 Yara's Violent Unravell  Hex/Tmut       #.........   100%        5
 Shadow Creatures         Summ           N/A          100%        6
 Ignition                 Fire           #.........   100%        8
 Shatter                  Erth           #.........   100%        9
 Tornado                  Air            #.........   100%        9


Dungeon Overview and Level Annotations

Branches:
Dungeon (15/15)            Temple (0/1) D:4            Lair (6/6) D:11
  Swamp (4/4) Lair:3       Spider (4/4) Lair:4        Slime (0/5) Lair:5
    Orc (2/2) D:12            Elf (2/3) Orc:2        Vaults (0/5) D:14
 Depths (0/5) D:15          Sewer (visited)

Altars:
Cheibriados
Dithmenos
Fedhas
Hepliaklqana
Nemelex Xobeh
Okawaru
Ru
Trog
Uskayaw
Vehumet
Wu Jian
The Shining One
Beogh
Jiyva

Shops:
D:9 *   D:12 !   D:15 =   Orc:2 =((?*   Elf:1 *[

Annotations:
Lair:5 exclusion: 3 oklob plants
Elf:2 1 transporter, SatoMori's ghost, adept MiBe


Message History

The deep elf blademaster hits Argrim with the cursed +2 rapier of the Skies Above {freeze, rC+}!!
The deep elf blademaster freezes Argrim.
The deep elf blademaster closely misses Argrim.
You completely miss SatoMori's ghost.
You completely miss the deep elf blademaster.
You miss the deep elf blademaster.
The deep elf blademaster hits you but does no damage.
The deep elf blademaster hits you with the +9 rapier of Tortfeasance {freeze, rF+ Str+2}!
* * * LOW HITPOINT WARNING * * *
The deep elf blademaster freezes you.
* * * LOW HITPOINT WARNING * * *
The deep elf master archer rages.
Argrim closely misses the deep elf blademaster.
You hit SatoMori's ghost. You slash the deep elf blademaster!
You miss the deep elf blademaster.
You block the deep elf blademaster's attack. x2
You block SatoMori's ghost's attack.
The deep elf blademaster hits you but does no damage. x2
You chop the deep elf master archer into pieces!!!
You slice the deep elf blademaster!! You miss SatoMori's ghost.
You slash the deep elf blademaster!
You block the deep elf blademaster's attack. x2
Argrim hits the deep elf blademaster with a +4 vorpal halberd!!
You carve the deep elf master archer like a ham!!!
You slice the deep elf blademaster!!
You kill the deep elf blademaster!
You hit SatoMori's ghost.
You hit the deep elf blademaster but do no damage.
The deep elf master archer unwields a +0 longbow.
The deep elf master archer hits you!
* * * LOW HITPOINT WARNING * * *
The deep elf blademaster barely misses you.
The deep elf blademaster hits you but does no damage.
SatoMori's ghost hits you!
* * * LOW HITPOINT WARNING * * *
SatoMori's ghost burns you.
* * * LOW HITPOINT WARNING * * *
You slash the deep elf master archer! You hit SatoMori's ghost.
You slash the deep elf blademaster!
The deep elf blademaster hits you but does no damage.
You block the deep elf blademaster's attack.
The deep elf master archer hits you.
* * * LOW HITPOINT WARNING * * *
You completely miss the deep elf master archer.
You miss SatoMori's ghost. You slash the deep elf blademaster!
SatoMori's ghost misses you.
Argrim hits the deep elf master archer with a +4 vorpal halberd!!
The deep elf master archer dies!
Your swamp dragon scales prevents you from hitting the deep elf blademaster.
You hit SatoMori's ghost.
You block the deep elf blademaster's attack.
The deep elf blademaster barely misses you.
The moth of wrath goads the deep elf blademaster on!
The deep elf blademaster goes berserk!
You hit the deep elf blademaster. You hit SatoMori's ghost.
SatoMori's ghost hits you!!
* * * LOW HITPOINT WARNING * * *
SatoMori's ghost burns you.
* * * LOW HITPOINT WARNING * * *
The deep elf blademaster misses you.
The deep elf blademaster hits you with the +9 rapier of Tortfeasance {freeze, rF+ Str+2}!!
* * * LOW HITPOINT WARNING * * *
The deep elf blademaster freezes you.
* * * LOW HITPOINT WARNING * * *
Argrim hits the deep elf blademaster from afar with a +4 vorpal halberd!!
Okay, then.
You swap places.
The deep elf blademaster closely misses Argrim.
The deep elf blademaster hits Argrim with the +9 rapier of Tortfeasance {freeze, rF+ Str+2}!!
The deep elf blademaster freezes Argrim.
SatoMori's ghost hits Argrim!
SatoMori's ghost burns Argrim.
The deep elf blademaster hits Argrim with the cursed +1 rapier "Deiwonas" {vorpal, *Slow rElec Str+3}!
The deep elf blademaster closely misses Argrim.
You see here a scroll of remove curse.
You closely miss the moth of wrath.
Argrim completely misses the deep elf blademaster.
The moth of wrath bites you but does no damage.
The deep elf blademaster hits Argrim with the cursed +1 rapier "Deiwonas" {vorpal, *Slow rElec Str+3}!!
The deep elf blademaster hits Argrim with the +9 rapier of Tortfeasance {freeze, rF+ Str+2}!!
The deep elf blademaster freezes Argrim.
You slash the moth of wrath! x2; SatoMori's ghost hits Argrim!
SatoMori's ghost burns Argrim.
The deep elf blademaster hits Argrim with the cursed +1 rapier "Deiwonas" {vorpal, *Slow rElec Str+3}!
The deep elf blademaster hits Argrim with the +9 rapier of Tortfeasance {freeze, rF+ Str+2}!!
The deep elf blademaster freezes Argrim!
Argrim dies!
Okay, then.
Okay, then.
You feel yourself speed up.
The deep elf blademaster rages.
The moth of wrath barely misses you. You block the moth of wrath's attack.
The deep elf blademaster closely misses you.
The deep elf blademaster hits you with the +9 rapier of Tortfeasance {freeze, rF+ Str+2}!!
* * * LOW HITPOINT WARNING * * *
The deep elf blademaster freezes you.
* * * LOW HITPOINT WARNING * * *
You block the moth of wrath's attack.
You see here an arrow.
The deep elf blademaster hits you with the cursed +1 rapier "Deiwonas" {vorpal, *Slow rElec Str+3}!!
You die...

########'### ##.##
###........## ##.##
##...#####..(###### ##.##
#..###...###.()...# ##.## #
##.###......##.)...# ##(###
#..#..###....#.(..[# ##'..
##.##..#≈#....##.)..########..
##..#....e)Wye..#))..+......'..
#..©#©..."_)##@©#©...########..
#.).#..##[).≈##.#....# #..
##.#.##W#§#.###.##....# ##)#
#..#..#####.#..##.....# ##)##
##.###.###......##.....# ##.##
#..# #..###...###......# ##.##
..## ##...#####...###### ##.##
### ###.......#.# ##.##
#########.# ##.##


You could see a deep elf blademaster (berserk), a deep elf master archer, a moth
of wrath and SatoMori's ghost.

Levels and vault maps discovered:
D:1:      saegor_arrival_simple_a, layout_basic
D:2:      layout_basic, chequers_temple_overflow_statue_of_worship, uniq_natasha
D:3:      layout_rooms, fiery_altar_vehumet, first_ration
D:4:      kennysheep_kobold_camp, layout_rooms, minmay_temple_entry_wispy,
          nemelex_spade_bored_becter
D:5:      kennysheep_big_flooded_room, layout_basic, overflow_temple_1_default,
          nicolae_overflow_crystal_walls, lemuel_round_altar,
          gup_sewer_entry_bubbles, chequers_decorated_corner, uniq_pikel
D:6:      layout_loops_ring, nicolae_ru_the_path_less_chosen, minivault_23
D:7:      layout_basic, cheibriados_altar_1, uniq_maggie
D:8:      layout_basic
D:9:      layout_loops_ring, lemuel_coloured_pillars_altar,
          overflow_temple_1_default, serial_shops, nicolae_shop_behind_doors,
          hangedman_ranch [blue_anna_fruit_fields], uniq_erolcha
D:10:     layout_basic
D:11:     layout_rooms, dpeg_lair_monsters
D:12:     minmay_the_grid_triangle_9x9_recursive_3
          [minmay_the_grid_triangle_9x9_empty,
          minmay_the_grid_triangle_9x9_tough_junction,
          minmay_the_grid_triangle_9x9_skeleton,
          minmay_the_grid_triangle_9x9_prize_top_heavy,
          minmay_the_grid_triangle_9x9_thin_v,
          minmay_the_grid_triangle_9x9_alien,
          minmay_the_grid_triangle_9x9_minimal,
          minmay_the_grid_triangle_9x9_warning,
          minmay_the_grid_triangle_9x9_subtriangle], layout_basic, orc_0_dummy,
          basic_altar, serial_shops, shop, uniq_nessos
D:13:     layout_roguey, serial_shops, bzr_entry_customers, minmay_diced_spiral
D:14:     argonaut_augean_stables, layout_long_grid, ximxim_vaults_locker_room,
          palyth_stone_intersect
D:15:     grunt_enter_depths_magical_seal, layout_long_grid,
          grunt_decor_one_mirror, drop_trap, minmay_shop_enchanted_jewellery
Lair:1:   layout_layer_cave
Lair:2:   layout_gridlike, gammafunk_ghost_berserking_beasts, worms_lemuel,
          lemuel_fruit_fields
Lair:3:   layout_small_grid, swamp_mist, beast_lair_carwin_4,
          grunt_megastairs_2, uniq_snorg
Lair:4:   layout_roguey, spider_nest_entry_webs
Lair:5:   layout_hall_layers, slime_altar_1, grunt_megastairs_4,
          serial_bayou_shore_b, minmay_lair_oklob_chamber
Lair:6:   minmay_lair_end_enchanted_forest, layout_concentric_octagons,
          lemuel_centaur_altar, serial_bayou_shore_b
Swamp:1:  layout_basic_swamp, evilmike_swamp_ruin_wall, swamp_pool4
Swamp:2:  layout_basic_swamp, evilmike_swamp_ruin_house_1, swamp_pool1,
          uniq_kirke, uniq_frances
Swamp:3:  layout_basic_swamp, evilmike_swamp_ruin_house_5, swamp_pool1,
          infiniplex_staircase_pool_2
Swamp:4:  swamp_vile, layout_basic_swamp
Spider:1: layout_chambers, drop_trap
Spider:2: layout_spider_delve, nicolae_spider_webs_and_nodes, drop_trap,
          uniq_jorgrun, uniq_azrael, uniq_agnes
Spider:3: layout_spider_delve, nicolae_arachne_temple, uniq_arachne, uniq_nikola
Spider:4: grunt_spider_rune_circles, nicolae_spider_circle_web, uniq_bai_suzhen
Orc:1:    cheibrodos_orc_guarddog, layout_caves
Orc:2:    st_orc_pillars, layout_caves, serial_shops, nicolae_shop_waterfront,
          minmay_orc_temple_b
Elf:1:    layout_loops_cross, serial_shops, shop,
          nicolae_shop_temple_entry_statues_fountains, hangedman_elf_represent,
          minivault_16
Elf:2:    layout_geoelf_grid, gammafunk_ghost_wrathful_warriors, uniq_asterion

Notes
Turn   | Place    | Note
-------+----------+-------------------------------------------
     0 | D:1      | drasked the Hill Orc Monk began the quest for the Orb.
     0 | D:1      | Reached XP level 1. HP: 19/19 MP: 1/1
     6 | D:1      | Identified a cursed -2 short sword
     6 | D:1      | Identified a +0 dagger
    82 | D:1      | Identified a +0 dagger
   108 | D:1      | Identified a +0 club
   118 | D:1      | Reached XP level 2. HP: 25/27 MP: 2/2
   340 | D:1      | Identified a cursed -2 ring mail (You found it on level 1
                  | of the Dungeon)
   340 | D:1      | Identified a scroll of magic mapping
   510 | D:1      | Reached skill level 1 in Armour
   678 | D:1      | Identified a +0 club
   705 | D:1      | Identified a ring of protection (You found it on level 1 of
                  | the Dungeon)
   706 | D:1      | Identified a scroll of identify
   706 | D:1      | Identified 3 potions of heal wounds
   717 | D:2      | Identified a +2 dagger of freezing
   717 | D:2      | Identified a +0 club
   722 | D:2      | Reached skill level 4 in Fighting
   747 | D:2      | Reached XP level 3. HP: 33/33 MP: 3/3
   762 | D:2      | Identified a cursed -2 club
   834 | D:2      | Identified a +0 flail
   836 | D:2      | Identified a +0 halberd
   840 | D:2      | Identified a +0 whip
   860 | D:1      | Reached skill level 5 in Axes
   895 | D:1      | Identified a scroll of immolation
  1236 | D:2      | Found an iron altar of Okawaru.
  1238 | D:2      | Found a hide-covered altar of Uskayaw.
  1476 | D:2      | Noticed Natasha
  1510 | D:2      | Killed Natasha
  1510 | D:2      | Reached XP level 4. HP: 20/41 MP: 4/4
  1819 | D:2      | Reached skill level 2 in Armour
  1996 | D:3      | Identified a +0 dagger
  2022 | D:2      | Noticed Natasha
  2042 | D:2      | HP: 10/41 [poisoned by an adder]
  2044 | D:2      | HP: 3/41 [Natasha (3)]
  2044 | D:2      | HP: 1/41 [Natasha (2)]
  2049 | D:2      | HP: 4/41 [Natasha (4)]
  2051 | D:2      | Killed Natasha
  2051 | D:2      | Reached skill level 6 in Axes
  2051 | D:2      | Reached XP level 5. HP: 43/47 MP: 5/5
  2075 | D:2      | Noticed Natasha
  2092 | D:2      | HP: 11/47 [Natasha (2)]
  2093 | D:2      | Killed Natasha
  2341 | D:3      | Identified a +0 club
  2341 | D:3      | Identified a +0 flail
  2341 | D:3      | Identified a +0 dagger
  2341 | D:3      | Identified a cursed +0 robe
  2341 | D:3      | Identified a +0 morningstar
  2341 | D:3      | Identified a +0 short sword
  2341 | D:3      | Identified a +0 club
  2679 | D:3      | Identified a cursed -3 whip
  2679 | D:3      | Identified a +0 chain mail
  2679 | D:3      | Identified a +0 war axe
  2679 | D:3      | Identified a +0 ring mail
  2683 | D:3      | Identified a +0 dagger
  2683 | D:3      | Identified a +0 leather armour
  2897 | D:3      | Identified a +0 short sword
  2900 | D:3      | Identified a +0 club
  2913 | D:3      | Reached skill level 5 in Fighting
  2913 | D:3      | Reached XP level 6. HP: 54/56 MP: 6/6
  2922 | D:3      | Identified a +0 flail
  2953 | D:3      | Identified a +0 club
  3074 | D:3      | Found a radiant altar of Vehumet.
  3102 | D:3      | Identified a scroll of teleportation
  3208 | D:4      | Reached skill level 7 in Axes
  3208 | D:4      | Reached skill level 3 in Armour
  3284 | D:4      | Identified a cursed +0 morningstar
  3284 | D:4      | Identified a +0 robe
  3284 | D:4      | Identified a +0 dagger
  3284 | D:4      | Identified a +0 robe
  3469 | D:4      | Identified a +0 short sword
  3474 | D:4      | Identified a +0 club
  3485 | D:4      | Identified a +0 club
  3486 | D:4      | Identified a +0 dagger
  3488 | D:4      | Identified a +0 short sword
  3490 | D:4      | Identified a +0 whip
  3492 | D:4      | Identified a +0 club
  3593 | D:4      | Identified a +0 whip
  3597 | D:4      | Identified a +0 short sword
  3601 | D:4      | Identified a +0 club
  3603 | D:4      | Identified a +0 dagger
  3624 | D:4      | Reached XP level 7. HP: 43/61 MP: 7/7
  3758 | D:4      | Found a staircase to the Ecumenical Temple.
  3764 | D:4      | Identified an uncursed amulet of reflection (You found it
                  | on level 3 of the Dungeon)
  3764 | D:4      | Identified a scroll of remove curse
  3776 | D:4      | Identified a +0 robe
  3893 | D:4      | Identified a +0 hand axe
  3893 | D:4      | Identified a +0 chain mail
  3898 | D:4      | Identified a +0 dagger
  3898 | D:4      | Identified a +0 robe
  3905 | D:4      | Reached skill level 8 in Axes
  3952 | D:4      | Found a sparkling altar of Nemelex Xobeh.
  4355 | D:4      | Identified a +0 helmet (You found it on level 4 of the
                  | Dungeon)
  4415 | D:4      | Got a masterwork dagger
  4416 | D:4      | Identified the +3 dagger of the Mind {venom, *Corrode
                  | +Blink Str+7 Stlth+} (You found it on level 4 of the
                  | Dungeon)
  4433 | D:5      | Entered Level 5 of the Dungeon
  4453 | D:5      | Identified a +2 whip of electrocution
  4453 | D:5      | Identified a +0 robe
  4453 | D:5      | Noticed Pikel
  4625 | D:5      | HP: 15/62 [worker ant (5)]
  4626 | D:5      | Killed Pikel
  4626 | D:5      | Reached skill level 6 in Fighting
  4626 | D:5      | Reached skill level 9 in Axes
  4626 | D:5      | Reached skill level 4 in Armour
  4626 | D:5      | Reached XP level 8. HP: 17/71 MP: 8/8
  4630 | D:5      | HP: 15/71 [poisoned by a worker ant]
  4637 | D:5      | HP: 15/71 [poisoned by a worker ant]
  4645 | D:5      | HP: 14/71 [poisoned by a worker ant]
  4787 | D:5      | Found a blossoming altar of Fedhas.
  4913 | D:5      | Identified a +0 short sword
  4913 | D:5      | Identified a +0 leather armour
  4931 | D:5      | Identified a +2 chain mail of cold resistance (You found it
                  | on level 5 of the Dungeon)
  5046 | D:5      | Found a glowing drain.
  5057 | Sewer    | Entered a sewer
  5092 | Sewer    | Noticed Purgy
  5100 | Sewer    | Killed Purgy
  5100 | Sewer    | Reached skill level 5 in Armour
  5306 | D:5      | Found a shadowy altar of Dithmenos.
  5386 | D:5      | Reached skill level 7 in Fighting
  5386 | D:5      | Reached skill level 10 in Axes
  5437 | D:5      | Found a hazy altar of Hepliaklqana.
  5887 | D:5      | Noticed a freezing wraith
  5976 | D:5      | HP: 11/73 [freezing wraith (8)]
  5984 | D:4      | HP: 15/73 [freezing wraith (9)]
  6343 | D:5      | Identified a scroll of random uselessness
  6347 | D:5      | Identified 2 potions of lignification
  6348 | D:5      | Identified 3 potions of haste
  6349 | D:5      | Identified a potion of mutation
  6352 | D:6      | Noticed a wyvern
  6360 | D:6      | Killed a wyvern
  6436 | D:6      | Identified a +0 war axe
  6436 | D:6      | Identified a +0 leather armour
  6436 | D:6      | Identified a +0 hand axe
  6436 | D:6      | Identified a cursed +0 scale mail
  6436 | D:6      | Identified a +0 chain mail
  6465 | D:6      | Identified a +0 trident
  6465 | D:6      | Identified a +0 chain mail
  6468 | D:6      | Identified a +0 short sword
  6468 | D:6      | Identified a +0 scale mail
  6470 | D:6      | Became a worshipper of Beogh the Brigand
  6470 | D:6      | Reached * piety under Beogh
  6470 | D:6      | Reached ** piety under Beogh
  6528 | D:6      | Identified a +0 short sword
  6528 | D:6      | Identified a +0 scale mail
  6529 | D:6      | Identified a cursed -1 mace
  6529 | D:6      | Identified a +0 dagger
  6529 | D:6      | Identified a +0 robe
  6537 | D:6      | Identified a +0 club
  6709 | D:6      | Identified a +0 giant spiked club
  6718 | D:6      | Reached skill level 11 in Axes
  6718 | D:6      | Reached XP level 9. HP: 79/79 MP: 9/9
  6837 | D:6      | Identified a +0 whip
  6838 | D:6      | Identified a +0 flail
  6839 | D:6      | Identified a +4 halberd
  6912 | D:6      | Identified a +0 whip
  6982 | D:6      | Found a sacrificial altar of Ru.
  7177 | D:6      | Reached skill level 6 in Armour
  7359 | D:7      | Identified a +0 whip
  7359 | D:7      | Identified a +0 robe
  7360 | D:7      | Identified a cursed -3 halberd
  7361 | D:7      | Identified a +0 halberd
  7422 | D:7      | Identified a +0 short sword
  7422 | D:7      | Identified a +0 hand crossbow
  7424 | D:7      | Identified a +0 short sword
  7542 | D:7      | Found a snail-covered altar of Cheibriados.
  7568 | D:7      | Noticed a troll
  7595 | D:7      | HP: 18/81 [troll (8)]
  7596 | D:7      | Killed a troll
  7596 | D:7      | Reached skill level 8 in Fighting
  7966 | D:7      | Identified a +1 broad axe of flaming
  7966 | D:7      | Identified +2 swamp dragon scales
  7966 | D:7      | Noticed Maggie
  7992 | D:7      | Killed Maggie
  7992 | D:7      | Reached skill level 12 in Axes
  7998 | D:7      | Identified a scroll of amnesia
  7999 | D:7      | Identified a scroll of fog
  8167 | D:7      | Identified a +0 dagger
  8167 | D:7      | Identified a +0 shortbow
  8177 | D:7      | Identified a +0 whip
  8179 | D:7      | Identified a +0 club
  8181 | D:7      | Identified a +0 chain mail of poison resistance
  8182 | D:7      | Identified a +0 short sword
  8389 | D:7      | Identified a +0 scale mail
  8393 | D:7      | Identified a +2 whip of venom
  8408 | D:7      | Identified a cursed -2 robe
  8412 | D:7      | Reached *** piety under Beogh
  8423 | D:7      | Reached skill level 7 in Armour
  8439 | D:7      | Reached skill level 9 in Fighting
  8442 | D:7      | Reached XP level 10. HP: 66/91 MP: 10/10
  8715 | D:7      | Identified a +0 scale mail
  8744 | D:7      | Identified a ring of protection from fire (You found it on
                  | level 7 of the Dungeon)
  8787 | D:8      | Reached skill level 13 in Axes
  8910 | D:8      | Identified a +0 shortbow
  8976 | D:8      | Identified a +0 flail
  8976 | D:8      | Identified a +0 chain mail
  8979 | D:8      | Identified a +2 dagger of freezing
  8979 | D:8      | Identified a +0 robe
  8986 | D:8      | Identified a +0 whip
  8987 | D:8      | Identified a +0 flail
  8989 | D:8      | Identified a cursed -3 club
  8989 | D:8      | Identified a +0 leather armour
  8996 | D:8      | Identified a +0 flail
  8996 | D:8      | Identified a +0 leather armour
  9467 | D:9      | Reached skill level 8 in Armour
  9556 | D:9      | Identified a +0 dagger
  9582 | D:9      | Identified a +0 club
  9582 | D:9      | Identified a +0 leather armour
  9632 | D:9      | Found Terhiuz's General Store.
  9635 | D:9      | Bought a +2 pair of gloves of strength for 258 gold pieces
  9635 | D:9      | Bought a scroll of identify for 24 gold pieces
  9658 | D:9      | Identified a +0 giant club
  9779 | D:9      | Identified a cursed -2 giant club
  9779 | D:9      | Identified a +0 robe
  9779 | D:9      | Noticed Erolcha
  9780 | D:9      | Paralysed by Erolcha for 3 turns
  9786 | D:9      | Killed Erolcha
  9786 | D:9      | Reached skill level 10 in Fighting
  9786 | D:9      | Reached skill level 14 in Axes
 10056 | D:9      | Identified a +1 falchion
 10056 | D:9      | Identified a +0 robe
 10064 | D:9      | Identified a +2 falchion of flaming
 10065 | D:9      | Identified a +0 dagger
 10065 | D:9      | Identified a +0 war axe
 10065 | D:9      | Identified a +0 robe
 10065 | D:9      | Identified a +0 dagger
 10065 | D:9      | Identified a +0 robe
 10080 | D:9      | Reached **** piety under Beogh
 10091 | D:9      | Gained Bogmar as an ally
 10153 | D:9      | Noticed a two-headed hydra
 10153 | D:9      | Identified a +0 club
 10156 | D:9      | Killed a one-headed hydra
 10156 | D:9      | Reached skill level 15 in Axes
 10156 | D:9      | Reached skill level 9 in Armour
 10156 | D:9      | Reached XP level 11. HP: 87/101 MP: 11/11
 10258 | D:9      | Found an ornate altar of the Wu Jian Council.
 10313 | D:9      | Found a glowing golden altar of the Shining One.
 10400 | D:9      | Identified a ring of protection from cold (You found it on
                  | level 9 of the Dungeon)
 10403 | D:9      | Identified an amulet of the acrobat (You found it on level
                  | 7 of the Dungeon)
 10406 | D:9      | Identified a potion of flight
 10407 | D:9      | Identified a potion of cancellation
 10408 | D:9      | Identified a potion of berserk rage
 10409 | D:9      | Identified a potion of degeneration
 10445 | D:10     | Entered Level 10 of the Dungeon
 10639 | D:10     | Identified a +0 troll leather armour
 10932 | D:10     | Identified a +0 short sword
 10935 | D:10     | Identified a +0 whip
 10935 | D:10     | Identified a +0 dagger
 10940 | D:10     | Identified a +0 dagger
 10952 | D:10     | Reached skill level 11 in Fighting
 11077 | D:10     | Reached ***** piety under Beogh
 11448 | D:10     | Identified a scroll of enchant weapon
 11449 | D:10     | Identified a scroll of blinking
 11450 | D:10     | Identified a scroll of fear
 11472 | D:10     | Identified a potion of resistance
 11473 | D:10     | Identified a potion of invisibility
 11497 | D:11     | Identified a +0 giant club
 11500 | D:11     | Identified a +0 giant spiked club
 11502 | D:11     | Identified a +0 troll leather armour
 11502 | D:11     | Reached skill level 16 in Axes
 11503 | D:11     | Identified a +4 mace
 11503 | D:11     | Identified a +0 robe
 11506 | D:11     | Gained Worak as an ally
 11507 | D:11     | Identified a +3 short sword
 11507 | D:11     | Identified a +0 robe
 11507 | D:11     | Identified an uncursed ring of magical power
 11509 | D:11     | Identified a +0 spear
 11509 | D:11     | Identified a +0 robe
 11510 | D:11     | Identified a +0 long sword
 11510 | D:11     | Identified a +0 robe
 11515 | D:11     | Identified a +4 spear
 11515 | D:11     | Identified a +0 robe
 11517 | D:11     | Identified a +2 spear of freezing
 11517 | D:11     | Identified a +0 robe
 11518 | D:11     | Identified a +0 scimitar
 11518 | D:11     | Identified a +0 robe
 11525 | D:11     | Gained Bogwald as an ally
 11525 | D:11     | Identified a +0 buckler
 11525 | D:11     | Identified a +0 morningstar
 11719 | D:11     | Reached skill level 10 in Armour
 11766 | D:11     | Identified a +0 mace
 11767 | D:11     | Identified a +0 dagger
 11767 | D:11     | Identified a +0 scale mail
 11769 | D:11     | Identified a +0 long sword
 11769 | D:11     | Identified a +0 chain mail
 11769 | D:11     | Identified a +0 mace
 11769 | D:11     | Identified a +1 leather armour of poison resistance
 11842 | D:11     | Identified a +0 flail
 11842 | D:11     | Identified a +0 robe
 11843 | D:11     | Identified a cursed +4 spear
 11843 | D:11     | Identified a +0 robe
 11843 | D:11     | Identified a +0 mace
 11843 | D:11     | Identified a +0 robe
 11844 | D:11     | Identified a +0 trident
 11844 | D:11     | Identified a +0 robe
 11845 | D:11     | Identified a +2 dagger
 11845 | D:11     | Identified a cursed +0 robe
 11860 | D:11     | Noticed a death yak
 11860 | D:11     | Noticed a death yak
 11861 | D:11     | Noticed a death yak
 11862 | D:11     | Noticed a death yak
 11863 | D:11     | Reached skill level 1 in Shields
 11863 | D:11     | Noticed a death yak
 11869 | D:11     | Noticed a death yak
 11874 | D:11     | HP: 12/103 [death yak (20)]
 11874 | D:11     | Noticed a death yak
 11877 | D:11     | Your ally Bogmar died
 11878 | D:11     | Your ally Bogwald died
 11879 | D:11     | Killed a death yak
 11879 | D:11     | Reached XP level 12. HP: 14/111 MP: 12/12
 11880 | D:11     | Killed a death yak
 11880 | D:11     | Reached skill level 2 in Shields
 11885 | D:11     | Killed a death yak
 12243 | D:11     | Identified a +0 buckler (You found it on level 11 of the
                  | Dungeon)
 12301 | D:11     | Killed a death yak
 12302 | D:11     | Killed a death yak
 12306 | D:11     | Killed a death yak
 12306 | D:11     | Reached skill level 12 in Fighting
 12306 | D:11     | Reached skill level 17 in Axes
 12306 | D:11     | Reached skill level 3 in Shields
 12311 | D:11     | HP: 21/112 [death yak (21)]
 12315 | D:11     | Killed a death yak
 12324 | D:11     | HP: 12/112 [yak (13)]
 12687 | D:11     | Identified a potion of stabbing
 12712 | D:11     | Found a staircase to the Lair.
 12774 | D:11     | Identified a +1 vorpal hand axe
 12887 | Lair:1   | Entered Level 1 of the Lair of Beasts
 12967 | D:8      | Got a faintly glowing long sword
 12968 | D:8      | Identified the +2 long sword of Conservatism {freeze,
                  | *Drain rPois Dex+2 Stlth+} (You found it on level 8 of the
                  | Dungeon)
 13107 | Lair:1   | Found the +8 mithril axe "Arga" {speed, MR+}
 14163 | Lair:2   | Reached skill level 4 in Shields
 14169 | Lair:2   | Noticed a four-headed hydra
 14174 | Lair:2   | Killed a one-headed hydra
 14196 | Lair:2   | Got a scorched war axe
 14197 | Lair:2   | Identified the cursed +0 war axe of the Wasteland {venom,
                  | *Corrode *Slow +Inv Str+6} (You found it on level 2 of the
                  | Lair of Beasts)
 14199 | Lair:2   | drasked: ?? *slow
 14199 | Lair:2   | beem: *slow[1/2]: Randart property that has 1% chance to
                  | {slow}you for 10-14 turns whenever you take damage while
                  | worn. Ignores damage over time from poison. Replacement for
                  | *Confuse.
 14199 | Lair:2   | meem: *slow[1/2]: Randart property that has 1% chance to
                  | {slow}you for 10-14 turns whenever you take damage while
                  | worn. Ignores damage over time from poison. Replacement for
                  | *Confuse.
 14384 | Lair:2   | Reached skill level 11 in Armour
 14385 | Lair:2   | Identified a scroll of noise
 14427 | Lair:2   | Found a transporter.
 14433 | Lair:2   | Noticed Lugonue's ghost (journeyman DEFE)
 14433 | Lair:2   | Noticed a six-headed hydra
 14461 | Lair:2   | Found a transporter.
 14697 | Lair:2   | Identified a +2 mace of holy wrath
 15394 | Lair:2   | Reached skill level 18 in Axes
 15496 | Lair:3   | Reached XP level 13. HP: 113/119 MP: 13/13
 15499 | Lair:3   | Reached skill level 13 in Fighting
 15625 | Lair:3   | Found a staircase to the Swamp.
 15644 | Lair:3   | Got a twisted broad axe
 15647 | Lair:3   | Identified the +8 broad axe "Vorchino" {drain, rN+ MR+}
                  | (You found it on level 3 of the Lair of Beasts)
 15668 | Lair:3   | Reached ****** piety under Beogh
 15715 | Lair:3   | Reached skill level 12 in Armour
 15769 | Lair:3   | Noticed Snorg
 15787 | Lair:3   | Killed Snorg
 15787 | Lair:3   | Identified a +2 troll leather armour {Snorg}
 16473 | Lair:3   | Got a distressingly furry leather armour
 16822 | Lair:3   | Identified the +4 leather armour of Mishruez {rF+ rC++}
                  | (You found it on level 3 of the Lair of Beasts)
 16862 | Lair:3   | Identified a scroll of silence
 16880 | Lair:3   | Identified 2 potions of ambrosia
 16881 | Lair:3   | Identified a potion of brilliance
 17110 | Lair:4   | Found a hole to the Spider Nest.
 17314 | Lair:4   | Reached skill level 14 in Fighting
 17353 | Lair:4   | Identified a +1 cloak (You found it on level 4 of the Lair
                  | of Beasts)
 17837 | Lair:5   | Reached skill level 13 in Armour
 17935 | Lair:5   | Reached skill level 15 in Fighting
 18292 | Lair:5   | Reached XP level 14. HP: 135/135 MP: 14/14
 18568 | Lair:5   | Found a viscous altar of Jiyva.
 18569 | Lair:5   | Found a staircase to the Slime Pits.
 18852 | Lair:6   | Entered Level 6 of the Lair of Beasts
 18899 | Lair:6   | Reached skill level 14 in Armour
 19348 | Lair:6   | Identified a scroll of enchant armour
 19349 | Lair:6   | Identified a scroll of holy word
 19359 | Lair:6   | Identified a +0 dagger
 19359 | Lair:6   | Identified a +0 robe
 19385 | Lair:6   | Identified a +0 rapier
 19385 | Lair:6   | Identified a +0 robe
 19459 | Lair:6   | Found a glowing golden altar of the Shining One.
 19459 | Lair:6   | Identified a +0 shortbow
 19459 | Lair:6   | Identified a +2 shortbow of flaming
 19459 | Lair:6   | Identified a +0 shortbow
 19480 | Lair:6   | Identified a +0 shortbow
 19574 | Lair:6   | Identified a +0 spear
 19574 | Lair:6   | Identified a +0 buckler
 19582 | Lair:6   | Reached skill level 16 in Fighting
 19776 | Lair:6   | Identified a +0 dagger
 19776 | Lair:6   | Identified a +0 robe
 20048 | Lair:6   | Identified a +0 rapier
 20048 | Lair:6   | Identified a cursed +0 robe
 20049 | Lair:6   | Identified a +0 short sword
 20049 | Lair:6   | Identified a +0 robe
 20092 | Lair:6   | Identified a +0 short sword
 20092 | Lair:6   | Identified a +0 robe
 20199 | Lair:6   | Identified a +0 rapier
 20199 | Lair:6   | Identified a +0 robe
 20199 | Lair:6   | Identified a +2 buckler of protection
 20199 | Lair:6   | Identified a +0 rapier
 20199 | Lair:6   | Identified a +0 robe
 20225 | Lair:6   | Reached skill level 15 in Armour
 20520 | Lair:6   | Identified an amulet of faith (You found it on level 4 of
                  | the Lair of Beasts)
 20633 | Lair:2   | Killed Lugonue's ghost
 20645 | Lair:2   | Got a crude golden ring
 20673 | Lair:2   | Got a scorched bronze amulet
 20735 | Lair:2   | Identified a scarf of repulsion (You found it on level 2 of
                  | the Lair of Beasts)
 20737 | Lair:2   | Identified the amulet "Tompuenn" {Faith +Fly} (You found it
                  | on level 2 of the Lair of Beasts)
 20741 | Lair:2   | Identified the ring "Nueneumib" {rC+ rN+ Dex+4} (You found
                  | it on level 2 of the Lair of Beasts)
 20743 | Lair:2   | Identified a ring of dexterity (You found it on level 2 of
                  | the Lair of Beasts)
 20947 | D:12     | Found Oriuhoul's Distillery.
 20950 | D:12     | Bought a potion of heal wounds for 75 gold pieces
 20999 | D:12     | Identified a +0 giant club
 20999 | D:12     | Identified a cursed -3 giant spiked club
 21047 | D:12     | Found a staircase to the Orcish Mines.
 21052 | D:12     | Identified a +0 giant spiked club
 21052 | D:12     | Identified a +0 giant club
 21118 | D:12     | Identified a +0 shortbow
 21121 | D:12     | Found a runed translucent door.
 21180 | D:12     | Identified a +3 longbow of flaming
 21180 | D:12     | Identified a +2 centaur barding
 21180 | D:12     | Noticed Nessos
 21180 | D:12     | Identified a +0 dagger
 21180 | D:12     | Identified a +0 leather armour
 21182 | D:12     | Identified a +0 shortbow
 21185 | D:12     | Killed Nessos
 21324 | D:12     | Identified a +0 arbalest
 21325 | D:12     | Identified a +0 long sword
 21340 | D:12     | Reached skill level 17 in Fighting
 21419 | D:12     | Found a runed translucent door.
 21424 | D:12     | Found a runed translucent door.
 21648 | D:12     | Identified a +0 giant spiked club
 21648 | D:12     | Identified a +0 giant club
 21648 | D:12     | Identified a +0 giant club
 21648 | D:12     | Identified a +0 giant spiked club
 21706 | D:12     | Found a sacrificial altar of Ru.
 22039 | D:12     | Identified a cursed +4 short sword of freezing
 22039 | D:12     | Identified a +0 robe
 22039 | D:12     | Identified a cursed +2 short sword
 22039 | D:12     | Identified a +0 robe
 22039 | D:12     | Identified a +0 scimitar
 22039 | D:12     | Identified a +0 chain mail
 22039 | D:12     | Identified a +2 dagger of venom
 22039 | D:12     | Identified a +0 leather armour
 22039 | D:12     | Identified a +0 club
 22040 | D:12     | Identified a +0 dagger
 22040 | D:12     | Identified a cursed -2 robe
 22041 | D:12     | Identified a cursed +1 flail of venom
 22041 | D:12     | Identified a +0 robe
 22044 | D:12     | Identified a +1 rapier of distortion
 22044 | D:12     | Identified a +0 shortbow
 22044 | D:12     | Identified a +0 dagger
 22044 | D:12     | Identified a +0 robe
 22050 | D:12     | Identified a +1 morningstar
 22050 | D:12     | Identified a +0 ring mail
 22098 | D:12     | Identified a +0 giant club
 22098 | D:12     | Identified a cursed -3 giant spiked club
 22124 | D:12     | Identified a +0 glaive
 22124 | D:12     | Identified a +0 leather armour
 22138 | D:12     | Reached XP level 15. HP: 105/147 MP: 15/15
 22139 | D:12     | Identified a +2 short sword of venom
 22139 | D:12     | Identified a +0 shortbow
 22139 | D:12     | Identified a cursed -1 giant club
 22139 | D:12     | Identified a +0 giant club
 22139 | D:12     | Identified a +0 giant club
 22152 | D:12     | Identified a +0 giant club
 22152 | D:12     | Identified a +0 mace
 22152 | D:12     | Identified a +0 glaive
 22152 | D:12     | Identified a cursed +0 leather armour
 22152 | D:12     | Identified a +3 spear
 22152 | D:12     | Identified a +0 robe
 22645 | D:12     | Reached skill level 16 in Armour
 22702 | D:13     | Identified a +0 giant club
 22702 | D:13     | Identified a +0 giant club
 22826 | D:13     | Identified a +2 mace of holy wrath
 22901 | D:13     | Identified a +0 shortbow
 22922 | D:13     | Identified a cursed -3 club
 22923 | D:13     | Found a flickering gateway to a bazaar.
 22923 | D:13     | Identified a +0 dagger
 22923 | D:13     | Identified a +0 scale mail
 22924 | D:13     | Identified a cursed -1 trident
 22937 | Bazaar   | Entered a bazaar
 22937 | Bazaar   | Found Nocroah's Jewellery Emporium.
 22937 | Bazaar   | Found Zocaklea's Distillery.
 22937 | Bazaar   | Found Xonodic's Antique Weapon Shoppe.
 22937 | Bazaar   | Found Pothrom's Magic Scroll Shop.
 22939 | Bazaar   | Found Xotiarph's Antique Armour Shoppe.
 23075 | Bazaar   | drasked: ?? reach+
 23075 | Bazaar   | beem: reach+ ~ reach ~ reaching[1/1]: Polearms can be
                  | e(v)oked (or use TAB) to attack something up to two squares
                  | away. If there is a statue or monster in the way, it
                  | prevents your attack 50% of the time. If blocked by a
                  | hostile monster, you attempt to attack it instead. Monsters
                  | cheat and always hit their target.
 23075 | Bazaar   | meem: reach+ ~ reach ~ reaching[1/1]: Polearms can be
                  | e(v)oked (or use TAB) to attack something up to two squares
                  | away. If there is a statue or monster in the way, it
                  | prevents your attack 50% of the time. If blocked by a
                  | hostile monster, you attempt to attack it instead. Monsters
                  | cheat and always hit their target.
 23078 | Bazaar   | Bought a pair of fading boots for 228 gold pieces
 23086 | Bazaar   | Bought a scroll of magic mapping for 42 gold pieces
 23086 | Bazaar   | Identified a scroll of vulnerability
 23087 | Bazaar   | Identified the cursed -5 pair of boots of Generosity {-Tele
                  | Int+4 Stlth+} (You bought it in a shop in a bazaar)
 23114 | Bazaar   | Bought an iridescent flail for 272 gold pieces
 23114 | Bazaar   | Identified the cursed +0 flail of the Sun {freeze, MP+9}
                  | (You bought it in a shop in a bazaar)
 23145 | D:13     | Identified a +0 shortbow
 23215 | D:13     | Identified a +0 giant spiked club
 23322 | D:13     | Identified a +0 giant club
 23322 | D:13     | Identified a +0 giant club
 23331 | D:13     | Reached skill level 18 in Fighting
 23387 | D:13     | Identified a +3 scimitar of flaming
 23572 | D:14     | Identified a +0 dagger
 23572 | D:14     | Identified a +0 robe
 23577 | D:14     | Identified a +0 dagger
 23590 | D:14     | Identified a +0 short sword
 23590 | D:14     | Identified a +0 whip
 23617 | D:14     | Identified a +1 scimitar of flaming
 23663 | D:14     | Identified a +0 giant club
 23722 | D:14     | Identified a +0 club
 23722 | D:14     | Identified a +0 dagger
 23722 | D:14     | Identified a +0 robe
 23723 | D:14     | Identified a +0 flail
 23724 | D:14     | Identified a +0 mace
 23724 | D:14     | Identified a cursed +0 chain mail
 23725 | D:14     | Identified a +0 flail
 23725 | D:14     | Identified a +0 ring mail
 23986 | D:14     | Found the +5 scythe "Finisher" {speed, eviscerate}
 24195 | D:14     | Identified a +0 shortbow
 24329 | D:14     | Identified a +2 battleaxe
 24329 | D:14     | Identified a +0 chain mail
 24330 | D:14     | Identified a +0 long sword
 24330 | D:14     | Identified a +0 plate armour
 24358 | D:14     | Found a gate to the Vaults.
 24438 | D:15     | Entered Level 15 of the Dungeon
 24458 | D:15     | Identified a +0 short sword
 24458 | D:15     | Identified a +0 leather armour
 24458 | D:15     | Identified a +2 dagger of freezing
 24459 | D:15     | Identified a +0 spear
 24459 | D:15     | Identified a +0 robe
 24470 | D:15     | Reached skill level 17 in Armour
 24477 | D:15     | Found a staircase to the Depths.
 24477 | D:15     | Identified a +0 dagger
 24477 | D:15     | Identified a +0 robe
 24477 | D:15     | Identified a +0 long sword
 24718 | D:15     | Found Qurag Ocw's Jewellery Shoppe.
 24730 | D:15     | Identified a +0 shortbow
 24730 | D:15     | Identified a +0 shortbow
 24731 | D:15     | Identified a +0 shortbow
 24731 | D:15     | Identified a +0 shortbow
 24731 | D:15     | Identified a +0 shortbow
 24732 | D:15     | Identified a +0 shortbow
 25016 | D:15     | Identified a +0 giant club
 25016 | D:15     | Identified a +0 giant club
 25105 | D:15     | Reached skill level 19 in Fighting
 25243 | D:15     | Reached XP level 16. HP: 160/160 MP: 16/16
 25249 | D:15     | Identified a +0 pair of boots (You found it on level 14 of
                  | the Dungeon)
 25259 | D:15     | Identified a +0 long sword
 25455 | D:15     | Identified a potion of magic
 25489 | D:15     | Identified a +0 scimitar of flaming
 25637 | Orc:1    | Entered Level 1 of the Orcish Mines
 25637 | Orc:1    | Identified a +0 scimitar
 25637 | Orc:1    | Identified a +0 plate armour
 25637 | Orc:1    | Identified a +0 mace of holy wrath
 25637 | Orc:1    | Identified a +0 leather armour
 25642 | Orc:1    | Identified a +4 flail
 25698 | Orc:1    | Identified a +0 hand axe
 25698 | Orc:1    | Identified a +0 scale mail
 25699 | Orc:1    | Identified a +0 mace
 25699 | Orc:1    | Identified a +0 plate armour
 25699 | Orc:1    | Identified a +0 leather armour
 25701 | Orc:1    | Identified a +0 dagger
 25701 | Orc:1    | Identified a +0 robe
 25704 | Orc:1    | Identified a +0 dagger
 25704 | Orc:1    | Identified a +2 robe of magic resistance
 25732 | Orc:1    | Identified a +0 dagger
 25732 | Orc:1    | Identified a +0 robe
 25732 | Orc:1    | Identified a cursed -1 halberd
 25732 | Orc:1    | Identified a +0 plate armour
 25732 | Orc:1    | Identified a +0 club
 25736 | Orc:1    | Identified a +0 dire flail
 25736 | Orc:1    | Identified a +0 plate armour
 25736 | Orc:1    | Identified a +2 hand axe of distortion
 25736 | Orc:1    | Identified a +0 ring mail
 25743 | Orc:1    | Identified a cursed +0 dagger
 25743 | Orc:1    | Identified a +1 robe of fire resistance
 25744 | Orc:1    | Identified a +0 leather armour
 25837 | Orc:1    | Identified a +0 leather armour
 25840 | Orc:1    | Identified a cursed -1 club
 25841 | Orc:1    | Identified a +0 dagger
 25841 | Orc:1    | Identified a +0 chain mail
 25842 | Orc:1    | Gained Judas as an ally
 25850 | Orc:1    | Identified a +0 dagger
 25850 | Orc:1    | Identified a +0 robe
 25899 | Orc:1    | Identified a +0 giant club
 25903 | Orc:1    | Identified a +0 dagger
 25906 | Orc:1    | Identified a +0 flail
 25907 | Orc:1    | Identified a +0 dagger
 25907 | Orc:1    | Identified a +0 robe
 25907 | Orc:1    | Identified a +1 mace of protection
 25907 | Orc:1    | Identified a +0 plate armour
 25908 | Orc:1    | Identified a +0 trident
 25908 | Orc:1    | Identified a +0 chain mail
 25908 | Orc:1    | Identified a +0 chain mail
 25909 | Orc:1    | Identified a +0 mace
 25909 | Orc:1    | Identified a +0 chain mail
 25909 | Orc:1    | Identified a +0 dagger
 25909 | Orc:1    | Identified a +0 robe
 25909 | Orc:1    | Identified a +0 falchion
 25910 | Orc:1    | Identified a +0 long sword
 25910 | Orc:1    | Identified a +0 chain mail
 25910 | Orc:1    | Identified a +0 leather armour
 25911 | Orc:1    | Identified a +0 dagger
 25911 | Orc:1    | Identified a +0 robe
 25911 | Orc:1    | Identified a +0 scimitar
 25911 | Orc:1    | Identified a +0 plate armour
 25912 | Orc:1    | Identified a +0 glaive
 25912 | Orc:1    | Identified a +0 chain mail
 25913 | Orc:1    | Identified a +0 leather armour
 25921 | Orc:1    | Identified a +0 demon trident
 25923 | Orc:1    | Identified a +0 demon trident
 25948 | Orc:1    | Identified a +0 scale mail
 25948 | Orc:1    | Identified a +0 mace
 26065 | Orc:1    | Identified a +0 great mace
 26065 | Orc:1    | Identified a +3 plate armour
 26065 | Orc:1    | Identified a +0 flail
 26065 | Orc:1    | Identified a +0 war axe
 26065 | Orc:1    | Identified a +0 scale mail
 26066 | Orc:1    | Identified a +0 hand axe
 26066 | Orc:1    | Identified a +0 chain mail
 26066 | Orc:1    | Identified a +0 hand axe
 26066 | Orc:1    | Identified a +0 leather armour
 26067 | Orc:1    | Identified a +0 halberd
 26067 | Orc:1    | Identified a +0 chain mail
 26067 | Orc:1    | Identified a +0 whip
 26067 | Orc:1    | Identified a +0 leather armour
 26067 | Orc:1    | Identified a +0 dagger
 26067 | Orc:1    | Identified a +0 whip
 26225 | Orc:1    | Identified a +0 dagger
 26225 | Orc:1    | Identified a +0 robe
 26225 | Orc:1    | Identified a +0 leather armour
 26225 | Orc:1    | Identified a +0 dagger
 26225 | Orc:1    | Identified a +0 robe of resistance
 26236 | Orc:1    | Identified a +0 troll leather armour
 26471 | Orc:2    | Entered Level 2 of the Orcish Mines
 26471 | Orc:2    | Identified a +0 trident
 26471 | Orc:2    | Identified a +0 chain mail
 26474 | Orc:2    | Identified a +0 troll leather armour
 26477 | Orc:2    | Identified a +0 war axe
 26477 | Orc:2    | Identified a +0 leather armour
 26477 | Orc:2    | Identified a +0 club
 26477 | Orc:2    | Identified a +0 ring mail
 26477 | Orc:2    | Identified a +0 whip of electrocution
 26477 | Orc:2    | Identified a +0 scale mail
 26477 | Orc:2    | Identified a cursed -2 mace
 26477 | Orc:2    | Identified a +0 leather armour
 26477 | Orc:2    | Identified a +4 hand axe
 26477 | Orc:2    | Identified a +0 war axe
 26477 | Orc:2    | Identified a +0 leather armour
 26477 | Orc:2    | Identified a cursed +0 mace
 26479 | Orc:2    | Identified a +0 dagger
 26480 | Orc:2    | Identified a +0 dagger
 26480 | Orc:2    | Identified a +0 hand axe
 26480 | Orc:2    | Identified a +0 leather armour
 26490 | Orc:2    | Found a roughly hewn altar of Beogh.
 26490 | Orc:2    | Identified a +0 war axe
 26490 | Orc:2    | Identified a +0 leather armour
 26490 | Orc:2    | Identified a +0 whip
 26490 | Orc:2    | Identified a +0 dagger
 26493 | Orc:2    | Identified a +0 buckler
 26532 | Orc:2    | Identified a +0 hand axe
 26532 | Orc:2    | Identified a +0 chain mail
 26533 | Orc:2    | Identified a +0 giant club
 26534 | Orc:2    | Identified a +0 long sword
 26534 | Orc:2    | Identified a +0 chain mail
 26534 | Orc:2    | Identified a cursed -3 dagger
 26534 | Orc:2    | Identified a +0 robe
 26534 | Orc:2    | Identified a +0 dagger
 26534 | Orc:2    | Identified a +0 robe
 26534 | Orc:2    | Identified a +0 long sword
 26534 | Orc:2    | Identified a +0 plate armour
 26536 | Orc:2    | Identified a +0 hand axe
 26536 | Orc:2    | Identified a +0 chain mail
 26536 | Orc:2    | Identified a +0 falchion
 26536 | Orc:2    | Identified a +0 leather armour
 26537 | Orc:2    | Identified a +0 dagger
 26537 | Orc:2    | Identified a +0 robe
 26538 | Orc:2    | Identified a +0 hand axe
 26538 | Orc:2    | Identified a +0 leather armour
 26539 | Orc:2    | Identified a +0 dagger
 26539 | Orc:2    | Identified a +0 robe
 26540 | Orc:2    | Identified a +0 hand axe
 26540 | Orc:2    | Identified a +0 leather armour
 26540 | Orc:2    | Identified a +0 hand axe
 26540 | Orc:2    | Identified a +0 leather armour
 26543 | Orc:2    | Found a staircase to the Elven Halls.
 26552 | Orc:2    | Identified a +0 flail
 26552 | Orc:2    | Identified a +0 leather armour
 26575 | Orc:2    | Identified a +0 dagger
 26575 | Orc:2    | Identified a +2 robe of magic resistance
 26576 | Orc:2    | Identified a +0 dire flail
 26576 | Orc:2    | Identified a +0 chain mail
 26590 | Orc:2    | Found Gigerph's Jewellery Shop.
 26627 | Orc:2    | Identified a +0 dagger
 26627 | Orc:2    | Identified a +0 robe
 26636 | Orc:2    | Identified a +0 club
 26637 | Orc:2    | Identified a +0 short sword
 26638 | Orc:2    | Identified a +2 trident of protection
 26639 | Orc:2    | Identified a +0 whip
 26639 | Orc:2    | Identified a +0 leather armour
 26639 | Orc:2    | Identified a cursed +0 leather armour
 26639 | Orc:2    | Identified a +0 leather armour
 26640 | Orc:2    | Identified a +0 war axe
 26641 | Orc:2    | Identified a +0 trident
 26641 | Orc:2    | Identified a +0 plate armour
 26641 | Orc:2    | Identified a +0 battleaxe
 26641 | Orc:2    | Identified a +0 plate armour
 26641 | Orc:2    | Identified a +0 mace
 26641 | Orc:2    | Identified a +0 leather armour
 26642 | Orc:2    | Identified a +2 halberd of venom
 26642 | Orc:2    | Identified a +0 chain mail
 26642 | Orc:2    | Identified a +0 trident
 26642 | Orc:2    | Identified a +0 plate armour
 26643 | Orc:2    | Identified a +0 dagger
 26643 | Orc:2    | Identified a +0 chain mail
 26643 | Orc:2    | Identified a +0 short sword
 26643 | Orc:2    | Identified a +0 plate armour
 26643 | Orc:2    | Identified a +0 trident
 26643 | Orc:2    | Identified a +0 chain mail
 26643 | Orc:2    | Identified a +0 mace
 26643 | Orc:2    | Identified a +0 leather armour
 26643 | Orc:2    | Identified a +0 whip
 26643 | Orc:2    | Identified a cursed -1 falchion
 26643 | Orc:2    | Identified a +0 leather armour
 26643 | Orc:2    | Identified a +0 buckler
 26643 | Orc:2    | Gained Olfrun as an ally
 26644 | Orc:2    | Identified a +0 war axe
 26644 | Orc:2    | Identified a +0 leather armour
 26644 | Orc:2    | Identified a +0 whip
 26644 | Orc:2    | Identified a +0 ring mail
 26644 | Orc:2    | Identified a +0 mace
 26644 | Orc:2    | Identified a +0 short sword
 26644 | Orc:2    | Identified a +0 chain mail
 26645 | Orc:2    | Identified a +4 long sword
 26645 | Orc:2    | Identified a +0 plate armour
 26645 | Orc:2    | Identified a +0 great sword
 26645 | Orc:2    | Identified a +0 chain mail
 26645 | Orc:2    | Identified a +0 dagger
 26645 | Orc:2    | Identified a +0 chain mail
 26646 | Orc:2    | Identified a +0 dagger
 26647 | Orc:2    | Identified a +0 scimitar
 26647 | Orc:2    | Identified a +0 ring mail
 26647 | Orc:2    | Identified a +0 war axe
 26647 | Orc:2    | Identified a cursed +0 plate armour
 26649 | Orc:2    | Your ally Olfrun died
 26650 | Orc:2    | Identified a +0 flail
 26658 | Orc:2    | Identified a +0 long sword
 26658 | Orc:2    | Identified a +0 plate armour
 26658 | Orc:2    | Identified a +0 long sword
 26658 | Orc:2    | Identified a cursed +0 chain mail
 26659 | Orc:2    | Identified a +0 mace
 26659 | Orc:2    | Identified a +0 scimitar
 26659 | Orc:2    | Identified a +0 chain mail
 26660 | Orc:2    | Identified a +0 flail
 26661 | Orc:2    | Identified a +0 hand axe
 26661 | Orc:2    | Identified a +0 plate armour
 26662 | Orc:2    | Identified a +0 mace
 26662 | Orc:2    | Identified a +0 leather armour
 26741 | Orc:2    | Identified a +0 whip
 26745 | Orc:2    | Identified a +0 halberd
 26745 | Orc:2    | Identified a +0 chain mail
 26745 | Orc:2    | Identified a +0 dagger
 26745 | Orc:2    | Identified a +0 ring mail
 26746 | Orc:2    | Identified a +0 dire flail (You took it off an orc knight
                  | on level 2 of the Orcish Mines)
 26747 | Orc:2    | Identified a +0 battleaxe (You took it off an orc knight on
                  | level 2 of the Orcish Mines)
 26747 | Orc:2    | Identified a +0 chain mail
 26748 | Orc:2    | Identified a +0 war axe
 26748 | Orc:2    | Identified a +0 chain mail (You took it off an orc warrior
                  | on level 2 of the Orcish Mines)
 26867 | Orc:2    | Identified a +0 dire flail
 26867 | Orc:2    | Identified a +1 great mace of protection
 26868 | Orc:2    | Identified a +0 dire flail
 26868 | Orc:2    | Identified a +0 dire flail
 27155 | Orc:2    | Identified a +0 glaive
 27155 | Orc:2    | Identified a cursed +0 plate armour
 27230 | Orc:2    | Identified a +0 short sword
 27230 | Orc:2    | Identified a +0 ring mail
 27242 | Orc:2    | Identified a +0 halberd
 27242 | Orc:2    | Identified a +0 chain mail
 27275 | Orc:2    | Identified a +0 flail
 27275 | Orc:2    | Identified a +0 chain mail (You took it off an orc knight
                  | on level 2 of the Orcish Mines)
 27276 | Orc:2    | Identified a +1 vorpal mace
 27276 | Orc:2    | Identified a +0 leather armour (You took it off an orc
                  | priest on level 2 of the Orcish Mines)
 27279 | Orc:2    | Identified a +0 battleaxe
 27279 | Orc:2    | Identified a +0 chain mail
 27284 | Orc:2    | Identified a +0 short sword
 27284 | Orc:2    | Identified a +0 chain mail
 27320 | Orc:2    | Identified a +0 glaive
 27320 | Orc:2    | Identified a +0 chain mail
 27327 | Orc:2    | Identified a +0 mace
 27327 | Orc:2    | Identified a +0 plate armour
 27335 | Orc:2    | Identified a cursed -1 battleaxe
 27335 | Orc:2    | Identified a +0 chain mail
 27335 | Orc:2    | Identified a +0 glaive
 27335 | Orc:2    | Identified a +0 plate armour of fire resistance
 27335 | Orc:2    | Identified a +0 glaive
 27335 | Orc:2    | Identified a +0 chain mail
 27337 | Orc:2    | Identified a +0 mace
 27337 | Orc:2    | Identified a +0 scimitar
 27337 | Orc:2    | Identified a cursed -2 war axe
 27337 | Orc:2    | Identified a cursed +0 chain mail
 27337 | Orc:2    | Identified a +0 war axe
 27337 | Orc:2    | Identified a +2 plate armour of positive energy
 27338 | Orc:2    | Found Oshry's Assorted Antiques.
 27338 | Orc:2    | Found Turphaer's Antique Weapon Shoppe.
 27339 | Orc:2    | Found Wes Fedd's Magic Scroll Emporium.
 27339 | Orc:2    | Found Geisarir's Antique Weapon Shoppe.
 27371 | Orc:2    | Bought an embroidered scarf for 216 gold pieces
 27381 | Orc:2    | Identified a scarf of resistance (You bought it in a shop
                  | on level 2 of the Orcish Mines)
 27454 | Orc:2    | Bought the amulet of the Four Winds {rN+ MR+++ Clar} for
                  | 702 gold pieces
 27454 | Orc:2    | Found the amulet of the Four Winds {rN+ MR+++ Clar}
 27818 | Spider:1 | Entered Level 1 of the Spider Nest
 28330 | Spider:1 | Reached skill level 18 in Armour
 28656 | Spider:1 | Got a bloodstained robe
 28672 | Spider:1 | Identified the cursed +1 robe "Vapre" {rC+} (You found it
                  | on level 1 of the Spider Nest)
 29440 | Spider:2 | Identified a +1 scimitar of flaming
 29440 | Spider:2 | Noticed Azrael
 29449 | Spider:2 | Noticed an entropy weaver
 29466 | Spider:1 | Killed Azrael
 29480 | Spider:2 | Killed an entropy weaver
 29484 | Spider:2 | Identified a +3 lajatang of speed
 29484 | Spider:2 | Identified a cursed +0 robe
 29484 | Spider:2 | Noticed Agnes
 29492 | Spider:2 | Reached skill level 20 in Fighting
 29720 | Spider:1 | Identified a ring of see invisible (You found it on level 1
                  | of the Spider Nest)
 29722 | Spider:1 | Identified a ring of slaying (You found it on level 1 of
                  | the Spider Nest)
 29728 | Spider:2 | Noticed an entropy weaver
 29738 | Spider:1 | Killed an entropy weaver
 29738 | Spider:1 | Reached skill level 5 in Shields
 30058 | Spider:1 | Killed Agnes
 30161 | Spider:2 | Identified a +0 vorpal quarterstaff
 30161 | Spider:2 | Identified a cursed +0 robe
 30161 | Spider:2 | Noticed Jorgrun
 30263 | Spider:1 | HP: 26/162 [spark wasp (16)]
 30273 | Spider:1 | HP: 38/162 [emperor scorpion (3)]
 30278 | Spider:1 | HP: 33/162 [emperor scorpion (12)]
 30279 | Spider:1 | HP: 16/162 [emperor scorpion (18)]
 30288 | Spider:1 | HP: 20/162 [emperor scorpion (12)]
 30732 | Spider:1 | Killed Jorgrun
 30819 | Spider:2 | Reached skill level 6 in Shields
 30906 | Spider:2 | Identified a +0 whip
 30906 | Spider:2 | Identified a +2 battleaxe
 30906 | Spider:2 | Identified a +1 chain mail of fire resistance
 31081 | Spider:2 | Reached XP level 17. HP: 171/171 MP: 17/17
 31094 | Spider:2 | Gained Beowulf as an ally
 31434 | Spider:2 | Identified a +2 cloak (You found it on level 2 of the
                  | Spider Nest)
 31447 | Spider:2 | Identified 3 scrolls of brand weapon
 31454 | Spider:3 | Noticed an entropy weaver
 31469 | Spider:3 | Identified a +1 rapier of electrocution
 31469 | Spider:3 | Identified a +0 cloak
 31469 | Spider:3 | Identified a +2 pair of gloves
 31469 | Spider:3 | Noticed Nikola
 31475 | Spider:2 | HP: 41/171 [emperor scorpion (7)]
 31477 | Spider:2 | HP: 14/171 [emperor scorpion (9)]
 31707 | Spider:2 | Killed an entropy weaver
 31919 | Spider:2 | Reached skill level 7 in Shields
 32377 | Spider:3 | Your ally Beowulf died
 32401 | Spider:3 | Noticed an entropy weaver
 32413 | Spider:2 | Killed an entropy weaver
 32413 | Spider:2 | Reached skill level 19 in Armour
 32547 | Spider:3 | Identified a +0 dagger
 32547 | Spider:3 | Identified a +0 robe
 32547 | Spider:3 | Identified a cursed -1 dagger
 32547 | Spider:3 | Identified a +0 war axe
 32547 | Spider:3 | Identified a +0 dagger
 32547 | Spider:3 | Identified a +0 leather armour
 32547 | Spider:3 | Identified a +0 mace
 32547 | Spider:3 | Identified a +0 dagger
 32547 | Spider:3 | Identified a +0 robe
 32547 | Spider:3 | Identified a +0 war axe
 32623 | Spider:3 | Noticed Arachne
 32640 | Spider:3 | Killed Arachne
 32640 | Spider:3 | Reached skill level 8 in Shields
 33613 | Spider:3 | Noticed an entropy weaver
 34212 | Spider:3 | Identified a +0 dagger
 34236 | Spider:3 | Killed an entropy weaver
 34516 | Swamp:1  | Entered Level 1 of the Swamp
 34516 | Swamp:1  | Identified a +0 spear
 34516 | Swamp:1  | Identified a +0 spear
 34516 | Swamp:1  | Identified a +0 buckler
 34516 | Swamp:1  | Identified a +0 spear
 34518 | Swamp:1  | Identified a +0 spear
 34518 | Swamp:1  | Identified a cursed +0 buckler
 34816 | Swamp:1  | Reached skill level 21 in Fighting
 34846 | Swamp:1  | Reached skill level 9 in Shields
 35089 | Swamp:1  | Gained Bolgrim as an ally
 35421 | Swamp:1  | Identified a +0 spear
 35966 | Swamp:2  | Identified +0 swamp dragon scales
 36519 | Swamp:2  | Identified a +0 vampiric demon whip (You found it on level
                  | 2 of the Swamp)
 36541 | Swamp:2  | Noticed Kirke
 36556 | Swamp:2  | Identified a +1 mace of holy wrath
 36556 | Swamp:2  | Identified a +2 scale mail of fire resistance
 36556 | Swamp:2  | Noticed Frances
 36561 | Swamp:2  | Identified a +0 trident
 36568 | Swamp:2  | Killed Kirke
 36568 | Swamp:2  | Reached XP level 18. HP: 136/182 MP: 18/18
 36581 | Swamp:2  | Killed Frances
 36813 | Swamp:2  | Reached skill level 10 in Shields
 37081 | D:15     | Bought the ring "Ecemy" {rElec MR+ EV+4 Dex+3 Stlth-} for
                  | 1149 gold pieces
 37378 | Spider:3 | Killed Nikola
 37733 | Spider:4 | Entered Level 4 of the Spider Nest
 37734 | Spider:4 | Noticed an entropy weaver
 38318 | Spider:3 | Killed an entropy weaver
 38644 | Spider:4 | Identified a +0 quarterstaff
 38644 | Spider:4 | Noticed Bai Suzhen
 38661 | Spider:4 | Reached skill level 20 in Armour
 38758 | Spider:3 | Killed Bai Suzhen
 38758 | Spider:3 | Identified +3 storm dragon scales {Bai Suzhen}
 39044 | Spider:4 | Reached skill level 11 in Shields
 39552 | Spider:3 | Gained Wardok as an ally
 39884 | Spider:4 | Identified a +4 hand axe of flaming
 39884 | Spider:4 | Identified a +0 flail
 39884 | Spider:4 | Identified a +0 leather armour
 39884 | Spider:4 | Identified a +0 long sword
 39884 | Spider:4 | Identified a +0 chain mail
 39884 | Spider:4 | Identified a +0 war axe
 39884 | Spider:4 | Identified a +0 chain mail
 39884 | Spider:4 | Identified a +0 club
 39884 | Spider:4 | Identified a +0 scale mail
 39884 | Spider:4 | Identified a +0 hand axe
 39884 | Spider:4 | Identified a +0 ring mail
 39884 | Spider:4 | Identified a +0 dagger
 39884 | Spider:4 | Identified a +0 robe
 39929 | Spider:4 | Gained Ugbert as an ally
 40048 | Spider:4 | Got a gossamer rune of Zot
 40049 | Spider:4 | Got an iridescent trident
 40267 | Swamp:3  | Identified a +0 spear
 40327 | Swamp:3  | Identified the +5 trident of Foolhardiness {vorpal, rElec
                  | rC++ Str-3 Stlth+} (You found it on level 4 of the Spider
                  | Nest)
 40367 | Swamp:3  | Reached skill level 22 in Fighting
 40458 | Swamp:3  | Identified a +0 spear
 40459 | Swamp:3  | Identified a +0 spear
 40685 | Swamp:3  | Identified a cursed +0 club
 40685 | Swamp:3  | Identified a +0 dagger
 40685 | Swamp:3  | Identified a +0 robe
 40685 | Swamp:3  | Identified a +3 trident
 40685 | Swamp:3  | Identified a +0 scale mail
 40685 | Swamp:3  | Identified a +0 dire flail
 40685 | Swamp:3  | Identified a +0 plate armour
 40685 | Swamp:3  | HP: 42/184 [brown very ugly thing (12)]
 40685 | Swamp:3  | HP: 17/184 [tyrant leech (17)]
 41102 | Swamp:3  | Identified an amulet of inaccuracy (You found it on level 3
                  | of the Swamp)
 41103 | Swamp:3  | Identified a scroll of torment
 41202 | Swamp:3  | Gained Gorbash as an ally
 41747 | Swamp:4  | Entered Level 4 of the Swamp
 41891 | Swamp:4  | Identified a +0 spear
 41939 | Swamp:4  | Identified a +0 spear
 41956 | Swamp:4  | Reached skill level 12 in Shields
 42172 | Swamp:4  | Reached XP level 19. HP: 192/192 MP: 19/19
 42462 | Swamp:4  | Identified +0 swamp dragon scales
 43053 | Swamp:4  | Got a decaying rune of Zot
 43415 | Elf:1    | Entered Level 1 of the Elven Halls
 43415 | Elf:1    | Identified a +0 long sword
 43415 | Elf:1    | Identified a +0 scale mail
 43415 | Elf:1    | Identified a +0 buckler
 43415 | Elf:1    | Identified a +0 long sword
 43415 | Elf:1    | Identified a +0 ring mail
 43415 | Elf:1    | Identified a +0 dagger
 43416 | Elf:1    | Identified a +0 long sword
 43435 | Elf:1    | Found Quqotoyv's General Store.
 43481 | Elf:1    | Identified a +0 long sword
 43483 | Elf:1    | Identified a +0 scimitar
 43483 | Elf:1    | Identified a +0 short sword
 43483 | Elf:1    | Identified a +0 longbow
 43483 | Elf:1    | Identified a +0 leather armour
 43486 | Elf:1    | Gained Zartorak as an ally
 43487 | Elf:1    | Identified a +4 long sword
 43488 | Elf:1    | Found Sozog's Armour Emporium.
 43497 | Elf:1    | Gained Syrus as an ally
 43498 | Elf:1    | Your ally Zartorak died
 43569 | Elf:1    | Identified a +0 long sword
 43569 | Elf:1    | Identified a +0 leather armour
 43598 | Elf:1    | Identified a +0 long sword
 43598 | Elf:1    | Identified a +0 leather armour
 43602 | Elf:1    | Identified a +0 rapier
 43602 | Elf:1    | Identified a +3 battleaxe of holy wrath
 43603 | Elf:1    | Identified a +0 long sword
 43615 | Elf:1    | Reached skill level 13 in Shields
 43679 | Elf:1    | Identified a +0 long sword
 43726 | Elf:1    | Identified a +0 dagger
 43728 | Elf:1    | Identified a +0 long sword
 43728 | Elf:1    | Identified a +0 buckler
 43729 | Elf:1    | Identified a +0 short sword
 43729 | Elf:1    | Identified a +2 shortbow of freezing
 43729 | Elf:1    | Identified a +0 leather armour
 43731 | Elf:1    | Identified a +2 short sword of flaming
 43737 | Elf:1    | Identified a +0 short sword
 43737 | Elf:1    | Identified a +0 ring mail
 43744 | Elf:1    | Identified a +0 long sword
 43744 | Elf:1    | Identified a +0 chain mail
 43762 | Elf:1    | Reached skill level 21 in Armour
 43855 | Elf:1    | Identified a +0 long sword
 43977 | Elf:1    | Identified a +2 long sword of holy wrath
 43986 | Elf:1    | Identified a +3 long sword
 43986 | Elf:1    | Identified a +0 chain mail
 43987 | Elf:1    | Identified a cursed -2 trident
 43991 | Elf:1    | Identified a +0 trident
 44036 | Elf:1    | Identified a +1 trident of venom
 44055 | Elf:1    | Identified a +0 dagger
 44055 | Elf:1    | Identified a cursed +0 leather armour
 44056 | Elf:1    | Identified a +0 dagger
 44058 | Elf:1    | Identified a +0 trident
 44172 | Elf:1    | Identified a +0 short sword
 44172 | Elf:1    | Identified a +0 ring mail
 44172 | Elf:1    | Identified a +0 dagger
 44190 | Elf:1    | Identified a +0 long sword
 44198 | Elf:1    | Identified a +0 long sword
 44198 | Elf:1    | Identified a +0 scale mail
 44201 | Elf:1    | Identified a +0 long sword
 44336 | Elf:2    | Identified a +0 dagger
 44336 | Elf:2    | Identified a +0 dagger
 44336 | Elf:2    | Identified a +0 ring mail
 44336 | Elf:2    | Identified a -3 dagger
 44336 | Elf:2    | Identified a +0 longbow
 44336 | Elf:2    | Identified a +0 leather armour
 44336 | Elf:2    | Identified a cursed -2 short sword
 44336 | Elf:2    | Identified a +0 long sword
 44336 | Elf:2    | Identified a +0 leather armour
 44336 | Elf:2    | Identified a +0 long sword
 44336 | Elf:2    | Identified a +0 ring mail
 44336 | Elf:2    | Identified a +0 dagger
 44336 | Elf:2    | Noticed a deep elf demonologist
 44336 | Elf:2    | Identified a +0 long sword
 44337 | Elf:2    | Identified a +0 long sword
 44337 | Elf:2    | Identified a +0 long sword
 44337 | Elf:2    | Identified a cursed +0 chain mail
 44338 | Elf:2    | Identified a +0 longbow
 44356 | Elf:2    | Killed a deep elf demonologist
 44363 | Elf:2    | Identified a +0 trident
 44365 | Elf:2    | Identified a cursed +0 scale mail
 44365 | Elf:2    | Identified a +0 leather armour
 44483 | Elf:2    | Identified a +0 hand axe of freezing
 44483 | Elf:2    | Identified a -1 short sword
 44483 | Elf:2    | Identified a +0 shortbow
 44483 | Elf:2    | Identified a +0 leather armour
 44484 | Elf:2    | Identified a +0 scimitar
 44484 | Elf:2    | Identified a +0 buckler
 44485 | Elf:2    | Identified a +0 dagger
 44485 | Elf:2    | Identified a +0 ring mail
 44487 | Elf:2    | Identified a +0 short sword of draining
 44487 | Elf:2    | Identified a +0 longbow
 44487 | Elf:2    | Identified a +0 leather armour
 44497 | Elf:2    | Found a bloodstained altar of Trog.
 44497 | Elf:2    | Identified the cursed +0 longbow "Dassaoc" {venom, rF+ rC+}
 44497 | Elf:2    | Identified a +0 leather armour
 44497 | Elf:2    | Noticed SatoMori's ghost (adept MiBe)
 44497 | Elf:2    | Identified the cursed +1 rapier "Deiwonas" {vorpal, *Slow
                  | rElec Str+3}
 44497 | Elf:2    | Identified the +9 rapier of Tortfeasance {freeze, rF+
                  | Str+2}
 44497 | Elf:2    | Identified a +0 leather armour
 44498 | Elf:2    | Gained Argrim as an ally
 44502 | Elf:2    | Identified a +0 longbow
 44502 | Elf:2    | Identified a +0 leather armour
 44513 | Elf:2    | Identified the cursed +2 rapier of the Skies Above {freeze,
                  | rC+}
 44513 | Elf:2    | Identified the cursed +3 rapier of Disaster {antimagic,
                  | rC++ rN+ Dex-2 SInv}
 44513 | Elf:2    | Identified a +1 leather armour
 44711 | Elf:2    | Found a transporter.
 44713 | Elf:2    | Found a transporter.
 44745 | Elf:2    | Identified a +0 falchion
 44745 | Elf:2    | Identified a +4 dagger
 44746 | Elf:2    | Found a huge runed translucent gate.
 44746 | Elf:2    | Found a huge runed translucent gate.
 44746 | Elf:2    | Found a huge runed translucent gate.
 44746 | Elf:2    | Found a huge runed translucent gate.
 44752 | Elf:2    | Identified a +0 long sword
 44755 | Elf:2    | Identified a +0 short sword
 44755 | Elf:2    | Identified a +0 leather armour
 44756 | Elf:2    | Found a huge runed translucent gate.
 44785 | Elf:2    | Identified a +0 long sword
 44785 | Elf:2    | Identified a +0 leather armour
 44786 | Elf:2    | Identified a +0 short sword
 44786 | Elf:2    | Identified a +0 shortbow
 44786 | Elf:2    | Identified a +0 leather armour
 44786 | Elf:2    | Identified a +4 short sword of speed
 44786 | Elf:2    | Identified a +3 long sword
 44786 | Elf:2    | Noticed a deep elf sorcerer
 44787 | Elf:2    | Identified a +0 shortbow
 44794 | Elf:2    | Killed a deep elf sorcerer
 45014 | Elf:2    | Identified a +3 trident of flaming
 45040 | Elf:2    | Identified a +0 short sword
 45041 | Elf:2    | Identified a +2 battleaxe of distortion
 45245 | Elf:2    | Identified a +5 trident of protection
 45269 | Elf:2    | Identified a +2 hand axe of flaming
 45280 | Elf:2    | Identified a +0 short sword
 45280 | Elf:2    | Identified a +0 shortbow
 45282 | Elf:2    | Reached skill level 23 in Fighting
 45311 | Elf:2    | Identified a +0 short sword
 45396 | Elf:2    | Identified a +2 battleaxe of flaming
 45410 | Elf:2    | Identified a +4 vorpal halberd
 45416 | Elf:2    | Identified a +1 halberd of protection
 45452 | Elf:2    | Identified a +0 long sword
 45456 | Elf:2    | Identified a +0 short sword of draining
 45456 | Elf:2    | Identified a +0 scale mail
 45456 | Elf:2    | Identified a +0 buckler
 45469 | Elf:2    | Identified a +0 long sword
 45469 | Elf:2    | Identified a +0 chain mail
 45470 | Elf:2    | Identified a +2 long sword of holy wrath
 45470 | Elf:2    | Identified a +2 mace of protection
 45470 | Elf:2    | Identified a +4 bardiche of venom
 45709 | Elf:2    | Identified a +0 short sword
 45785 | Elf:2    | Identified a +0 vampiric halberd
 45786 | Elf:2    | Identified a +1 demon whip of electrocution
 45786 | Elf:2    | Identified a +2 scale mail of magic resistance
 45786 | Elf:2    | Identified a +0 kite shield
 45786 | Elf:2    | Noticed Asterion
 45789 | Elf:2    | Identified a +0 long sword
 45791 | Elf:2    | Identified a +4 long sword of holy wrath
 45792 | Elf:2    | Identified a +0 rapier
 45792 | Elf:2    | Identified a +0 leather armour
 45800 | Elf:2    | Identified a +1 lajatang of draining
 45809 | Elf:2    | Killed Asterion
 45822 | Elf:2    | Identified a +0 long sword
 45822 | Elf:2    | Identified a +0 ring mail
 45832 | Elf:2    | Reached XP level 20. HP: 59/203 MP: 20/20
 45833 | Elf:2    | Identified a +3 hand axe of distortion
 45834 | Elf:2    | HP: 49/203 [+3 hand axe of distortion (12)]
 45930 | Elf:2    | Identified a +0 mace of holy wrath
 46226 | Elf:2    | Identified a +0 long sword
 46226 | Elf:2    | Identified a +0 leather armour
 46226 | Elf:2    | Identified a +0 dagger
 46226 | Elf:2    | Identified a +0 long sword
 46226 | Elf:2    | Identified a +2 trident of freezing
 46229 | Elf:2    | Identified a +0 rapier
 46229 | Elf:2    | Identified a +0 rapier
 46229 | Elf:2    | Identified a +0 leather armour
 46235 | Elf:2    | Reached skill level 14 in Shields
 46236 | Elf:2    | Identified a cursed +0 long sword
 46236 | Elf:2    | Identified a +0 ring mail
 46308 | Elf:2    | Identified a +2 trident of protection
 46681 | Elf:2    | HP: 36/204 [deep elf blademaster/the cursed +1 rapier
                  | "Deiwonas" {vorpal, *Slow rElec Str+3} (24)]
 46684 | Elf:2    | Your ally Argrim died
 46685 | Elf:2    | HP: 14/204 [deep elf blademaster/the cursed +1 rapier
                  | "Deiwonas" {vorpal, *Slow rElec Str+3} (20)]
 46688 | Elf:2    | Mangled by a deep elf blademaster

Table legend:
 A = Turns spent in this place as a percentage of turns spent in the entire game.
 B = Non-inter-level travel turns spent in this place as a percentage of non-inter-level travel turns spent in the entire game.
 C = Inter-level travel turns spent in this place as a percentage of turns spent in this place.
 D = Turns resting spent in this place as a percentage of non-inter-level travel turns spent in this place.
 E = Turns spent auto-exploring this place as a percentage of non-inter-level travel turns spent in this place.
 F = Non-inter-level travel turns spent in this place divided by the number of levels of this place that you've seen.
                   A       B       C       D       E      F
               +-------+-------+-------+-------+-------+----------------------
         Total | 100.0 | 100.0 |   6.7 |  36.9 |  36.7 | 1244.5
       Dungeon |  38.0 |  37.8 |   7.2 |  32.5 |  42.3 | 1097.7
          Lair |  18.3 |  17.8 |   9.1 |  28.4 |  46.3 | 1291.3
         Swamp |  11.2 |  11.5 |   4.4 |  40.0 |  35.1 | 1253.2
   Spider Nest |  20.3 |  20.6 |   5.4 |  53.2 |  20.1 | 2242.2
  Orcish Mines |   4.4 |   4.2 |  11.7 |  16.0 |  55.8 | 915.5
   Elven Halls |   7.0 |   7.3 |   2.8 |  41.5 |  25.0 | 1590.0
        Bazaar |   0.4 |   0.4 |   0.0 |  52.4 |   8.1 | 185.0
         Sewer |   0.4 |   0.4 |   0.0 |  21.6 |  35.3 | 167.0
               +-------+-------+-------+-------+-------+----------------------

Table legend:
 A = Kills in this place as a percentage of kills in entire the game.
 B = Kills by you in this place as a percentage of kills by you in the entire game.
 C = Kills by friends in this place as a percentage of kills by friends in the entire game.
 D = Other kills in this place as a percentage of other kills in the entire game.
 E = Experience gained in this place as a percentage of experience gained in the entire game.
 F = Experience gained in this place divided by the number of levels of this place that you have seen.
                   A       B       C       D       E      F
               +-------+-------+-------+-------+-------+----------------------
         Total | 100.0 | 100.0 | 100.0 | 100.0 | 100.0 | 11782.9
       Dungeon |  36.4 |  39.0 |  27.0 |   0.0 |  18.8 | 5179.2
          Lair |  18.1 |  13.5 |  35.6 |   0.0 |  13.2 | 9107.2
         Swamp |  13.2 |  13.5 |  12.0 |   0.0 |  19.0 | 19542.0
   Spider Nest |  20.6 |  23.9 |   7.9 |  50.0 |  29.7 | 30604.5
  Orcish Mines |   3.9 |   1.9 |  11.6 |   0.0 |   2.7 | 5505.0
   Elven Halls |   7.3 |   7.5 |   6.0 |  50.0 |  16.6 | 34168.5
         Sewer |   0.5 |   0.6 |   0.0 |   0.0 |   0.0 | 137.0
               +-------+-------+-------+-------+-------+----------------------

Skill      XL: |  1  2  3  4  5  6  7  8  9 10 11 12 13 14 15 16 17 18 19 20 |
---------------+-------------------------------------------------------------+-----
Armour         | 1 2 3 4 5 7 9 10 11 13 15 17 18 19 20 21 | 21.5
Fighting       | 4 5 6 7 9 10 11 12 15 17 19 20 21 22 23 | 23.2
Axes           | 5 6 7 9 11 12 15 16 18 | 18.0
Shields        | 1 4 6 9 12 13 14 | 14.1
Dodging        | |  2.4
Stealth        | |  1.5

Action                   |  1- 3 |  4- 6 |  7- 9 | 10-12 | 13-15 | 16-18 | 19-21 || total
-------------------------+-------+-------+-------+-------+-------+-------+-------++-------
Melee: Hand axe          |    77 |   120 |       |       |       |       |       ||   197
       War axe           |       |    82 |   326 |       |       |       |       ||   408
       Broad axe         |       |       |    29 |   382 |   865 |  1433 |   509 ||  3218
Throw: Boomerang         |    33 |    54 |   101 |    27 |       |       |       ||   215
       Stone             |     9 |       |       |       |       |       |       ||     9
       Dart              |       |       |     5 |    72 |    42 |       |       ||   119
       Javelin           |       |       |       |       |     5 |       |       ||     5
Invok: Convert to Beogh  |       |       |     1 |       |       |       |       ||     1
       Recall Orcish Fol |       |       |       |     2 |     2 |     2 |     1 ||     7
       Give Item to Name |       |       |       |     1 |       |     3 |     1 ||     5
       Stop Recall       |       |       |       |       |       |     2 |     1 ||     3
  Use: Scroll            |     3 |     1 |     8 |    13 |    10 |     8 |       ||    43
       Potion            |       |     2 |     1 |       |       |    14 |     4 ||    21
 Stab: Petrified         |       |       |       |       |     7 |       |       ||     7
       Distracted        |       |       |       |       |     7 |     7 |     9 ||    23
       Petrifying        |       |       |       |       |     1 |       |       ||     1
       Invisible         |       |       |       |       |       |     3 |       ||     3
  Eat: Ration            |     1 |     2 |     4 |     6 |     9 |    14 |     4 ||    40
Armor: Robe              |     4 |       |       |       |       |       |       ||     4
       Ring mail         |    11 |    78 |     2 |       |       |       |       ||    91
       Chain mail        |       |       |   196 |       |       |       |       ||   196
       Swamp dragon scal |       |       |    18 |   206 |   291 |   705 |   163 ||  1383
Dodge: Dodged            |    38 |   132 |   136 |   210 |   250 |   639 |   179 ||  1584
       Repelled          |       |       |       |       |    10 |     3 |       ||    13
Block: Other             |       |       |    83 |    43 |       |       |       ||   126
       Reflection        |       |       |     4 |     5 |    28 |     5 |       ||    42
       Buckler           |       |       |       |    84 |   349 |   491 |   167 ||  1091

Vanquished Creatures
  Bai Suzhen (Spider:3)
  Nikola (Spider:3)
  Asterion (Elf:2)
  Jorgrun (Spider:1)
  2 deep elf blademasters (Elf:2)
  Agnes (Spider:1)
  Frances (Swamp:2)
  3 thorn hunters
  Kirke (Swamp:2)
  3 ghost moths
  A deep elf sorcerer (Elf:2)
  7 emperor scorpions
  3 very ugly things (Swamp:4)
  6 entropy weavers
  A deep elf demonologist (Elf:2)
  Nessos (D:12)
  A deep elf annihilator (Elf:1)
  A spark wasp (Spider:1)
  Azrael (Spider:1)
  2 green deaths (Swamp:4)
  A deep elf death mage (Elf:1)
  A death ooze (Swamp:4)
  A deep elf high priest (Elf:1)
  12 hydras
  Erolcha (D:9)
  2 vault guards (D:14)
  A hell beast (Swamp:4)
  A catoblepas (Lair:5)
  3 shambling mangroves
  14 alligators
  5 centaur warriors
  4 two-headed ogres
  The ghost of Lugonue the Eclecticist, a journeyman DEFE of Ashenzari (Lair:2)
  A tengu warrior (D:12)
  20 dancing weapons
  An orc high priest (Orc:2)
  13 death yaks
  11 deep elf knights
  A skeletal warrior (D:12)
  4 unseen horrors
  6 swamp dragons
  Pikel (D:5)
  A necromancer (D:15)
  4 deep elf archers
  17 orb spiders
  34 deep elf magi
  A wolf spider zombie (D:15)
  39 wolf spiders
  An orc sorcerer (Orc:2)
  6 ugly things
  3 elephants (Lair:5)
  4 cyclopes
  3 moths of wrath
  A manticore (D:14)
  2 black mambas
  A naga mage (D:15)
  2 centaur zombies
  2 gargoyles
  10 cane toads
  2 torpor snails
  Maggie (D:7)
  A rime drake (Lair:4)
  A yaktaur (D:12)
  3 efreet
  A freezing wraith (D:15)
  12 demonic crawlers
  A yaktaur (shapeshifter) (Elf:1)
  7 komodo dragons
  41 jumping spiders
  3 polar bears (Lair:6)
  A large abomination (Swamp:4)
  8 trolls
  27 hornets
  6 tyrant leeches
  9 bog bodies
  6 blink frogs
  4 hippogriffs
  17 slime creatures
  2 dream sheep (D:9)
  A water elemental (D:14)
  75 redbacks
  2 fire elementals
  5 hogs (Swamp:2)
  29 tarantellas
  5 wyverns
  58 yaks
  17 spriggans
  3 shadows
  3 basilisks
  7 humans (D:14)
  2 wraiths
  11 vampire mosquitoes
  An acid dragon (D:12)
  7 water moccasins
  13 swamp worms
  7 wargs (Orc:1)
  3 hell hounds (Spider:2)
  4 porcupines
  3 orc warriors
  5 sky beasts
  Purgy (Sewer)
  9 swamp drakes
  2 black bears (Lair:6)
  4 boggarts (Lair:6)
  5 ice beasts
  10 ogres
  25 wolves
  A phantom (D:13)
  12 centaurs
  5 crocodiles
  4 lemures (D:5)
  7 big kobolds
  2 wyvern zombies (D:13)
  16 bullfrogs
  An earth elemental (Elf:1)
  A wyvern skeleton (D:13)
  3 scorpions
  4 killer bees (D:12)
  16 wights
  8 howler monkeys
  3 bullfrog zombies
  4 orc priests
  A bullfrog skeleton (D:13)
  5 centaur skeletons
  4 hounds
  6 jellies
  3 orc wizards
  A gnoll shaman (D:6)
  2 iguanas
  Natasha (thrice) (D:2)
  12 worker ants
  A killer bee zombie (D:6)
  A hound zombie (D:8)
  A hound skeleton (D:4)
  10 gnolls
  11 adders
  4 white imps
  2 ufetubi
  An ooze (D:4)
  2 adder zombies
  4 worms
  A dart slug (D:1)
  6 leopard geckos
  28 orcs
  2 giant cockroaches
  11 goblins
  6 hobgoblins
  6 jackals
  3 quokkas
  2 ball pythons (D:2)
  11 bats
  A frilled lizard (D:3)
  40 kobolds
  A leopard gecko skeleton (D:8)
  A leopard gecko zombie (D:5)
  6 rats
  4 briar patches (Swamp:4)
  3 fungi (Lair:6)
  A plant (Lair:4)
1039 creatures vanquished.

Vanquished Creatures (collateral kills)
  Arachne (Spider:3)
  A deep elf master archer (Elf:2)
  An orc warlord (Orc:1)
  2 emperor scorpions (Spider:3)
  A very ugly thing (Swamp:3)
  Snorg (Lair:3)
  2 ettins (Orc:2)
  An ogre mage (D:12)
  8 hydras
  A shambling mangrove (Swamp:1)
  5 dancing weapons
  A hell beast (Swamp:4)
  4 two-headed ogres
  6 death yaks
  2 orc high priests (Orc:2)
  A deep elf knight (Elf:2)
  A wizard (D:14)
  2 swamp dragons
  A lindwurm (Lair:3)
  2 deep elf archers (Elf:2)
  8 deep elf magi
  4 orc knights (Orc:2)
  An oklob plant (Lair:6)
  4 ugly things
  An orc sorcerer (Orc:2)
  3 wolf spiders
  A manticore (D:12)
  5 elephants
  A moth of wrath (Lair:2)
  3 black mambas
  3 centaur zombies
  A torpor snail (Spider:2)
  A molten gargoyle (Lair:2)
  3 orange demons (Swamp:4)
  8 cane toads
  3 komodo dragons
  3 trolls
  2 polar bears
  3 jumping spiders (Spider:3)
  A tyrant leech (Swamp:3)
  7 blink frogs
  4 hornets
  6 slime creatures (Swamp:4)
  A hippogriff (Lair:2)
  2 bog bodies
  7 redbacks
  A shadow (Swamp:4)
  4 tarantellas (Spider:3)
  2 spriggans
  2 water elementals
  27 yaks
  2 humans (D:14)
  A wraith (D:14)
  A golden eye (shapeshifter) (D:12)
  2 wyverns
  A large abomination (Swamp:4)
  3 vampire mosquitoes
  A warg (Orc:1)
  8 swamp worms
  8 water moccasins
  3 porcupines
  A black bear (Lair:6)
  5 orc warriors
  A boggart (Lair:6)
  3 ogres
  13 wolves
  2 centaurs (D:15)
  A big kobold (D:9)
  2 crocodiles
  8 bullfrogs
  A scorpion (D:11)
  6 wights
  2 quasits (D:11)
  A jelly (D:11)
  2 hounds (D:9)
  3 bullfrog skeletons
  7 orc priests
  3 worker ants
  2 orc wizards
  2 adders (D:11)
  4 orcs
  A quokka (D:9)
  A quokka skeleton (D:8)
  A bush (Elf:2)
  2 plants (Lair:6)
270 creatures vanquished.

Vanquished Creatures (others)
  An orc warlord (Elf:2)
  An orc high priest (Orc:2)
  5 orc knights
  2 deep elf magi (Elf:2)
  A wolf spider (Spider:3)
  2 orc sorcerers
  15 orc priests
  A jumping spider (Spider:1)
  2 tarantellas (Spider:3)
  2 redbacks (Spider:3)
  A human (D:14)
  11 orc wizards
  12 orc warriors
  An adder (D:3)
  An adder skeleton (D:3)
  54 orcs
  A jackal (D:3)
  2 kobolds (D:3)
  2 rats (D:3)
  3 briar patches
  9 fungi
  5 plants
134 creatures vanquished.

Grand Total: 1443 creatures vanquished
